 Dungeon Crawl Stone Soup version 0.31-a0-1066-g35875b34c7 (webtiles) character file.

Game seed: 1279321023524802634

1653461 EnegeticOcto the Destroyer (level 26, 120/120 HPs)
             Began as a Felid Chaos Knight on Nov 22, 2023.
             Was a Favourite Plaything of Xom.
             Escaped with the Orb
             ... and 3 runes!
             The game lasted 03:11:19 (70149 turns).

EnegeticOcto the Destroyer (Felid Chaos Knight)    Turns: 70149, Time: 03:11:20

Health: 120/120    AC:  5    Str: 10    XL:     26   Next: 23%
Magic:  42/42      EV: 43    Int: 11    God:    Xom [.....*]
Gold:   4225       SH:  0    Dex: 31    Spells: 3/54 levels left
                                        Lives:  2   Deaths: 7

rFire   + .          .
                       - Unarmed
rCold   + + .        (shield unavailable)
rNeg    . . .        (body armour unavailable)
rPois   .            (helmet unavailable)
rElec   +            (cloak unavailable)
rCorr   .            (gloves unavailable)
SInv    +            (boots unavailable)
Will    +++..        U - amulet of Birdsong {Spirit +Inv rElec Str+3}
Stlth   +++          G - +5 ring of evasion
HPRegen 0.40/turn    r - ring of protection from fire
MPRegen 0.28/turn

%: guardian spirit
@: studying Transmutations, quick
A: very small, claws 1, fangs 3, see invisible, speed 1, shaggy fur 3, stealthy
paws, no weapons or thrown items, no armour, multi-lived, iridescent scales 1,
agile 1, cold resistance 1, dopey 1, wild magic 3, inability to drink after
injury 1, inability to read after injury 2, MP-powered wands, noise suppression
0: Orb of Zot
}: 3/15 runes: serpentine, barnacled, silver
a: Renounce Religion, Evoke Invisibility


You escaped.
You worshipped Xom.
You were Xom's teddy bear.
You visited 11 branches of the dungeon, and saw 51 of its levels.
You also visited: Trove, Sewer and Gauntlet.

You collected 8437 gold pieces.
You spent 4212 gold pieces at shops.

Inventory:

Jewellery
 b - an amulet of regeneration
   (You found it on level 1 of the Depths)
 r - a ring of protection from fire (right paw)
   (You found it on level 9 of the Dungeon)
 t - a ring of protection from cold
   (You bought it in a shop on level 2 of the Vaults)
 x - the ring of Incredulity {Fly Str+6}
   (You took it off a deep elf elementalist on level 3 of the Elven Halls)

   [ring of strength]

   Str+6:     It affects your strength (+6).
   Fly:       It grants you flight.
 y - a +4 ring of protection
   (You bought it in a shop on level 6 of the Dungeon)
 D - a ring of protection from fire
   (You found it on level 1 of the Lair of Beasts)
 G - a +5 ring of evasion (left paw)
   (You found it on level 3 of the Lair of Beasts)
 H - the ring "Kumyxeun" {+Blink Fly rElec Int+6 Dex+2}
   (You acquired it on level 1 of the Crypt)

   [ring of intelligence]

   Int+6:     It affects your intelligence (+6).
   Dex+2:     It affects your dexterity (+2).
   rElec:     It insulates you from electricity.
   Fly:       It grants you flight.
   +Blink:    It lets you blink.
 J - the ring "Vuanlene" {rPois rN++ rCorr Str+6 Slay-2}
   (You found it in a Gauntlet)

   [ring of strength]

   Str+6:     It affects your strength (+6).
   Slay-2:    It affects your accuracy & damage with ranged weapons and melee
   (-2).
   rPois:     It protects you from poison rN++: It greatly protects you from
   negative energy.
   rCorr:     It protects you from acid and corrosion.
 R - the ring "Xyisyl" {rCorr Int+2}
   (You found it in a treasure trove)

   [ring of resist corrosion]

   Int+2:     It affects your intelligence (+2).
   rCorr:     It protects you from acid and corrosion.
 U - the amulet of Birdsong (around neck) {Spirit +Inv rElec Str+3}
   (You found it in a treasure trove)

   [amulet of guardian spirit]

   Spirit:    It causes incoming damage to be divided between your reserves of
   health and magic.
   Str+3:     It affects your strength (+3).
   rElec:     It insulates you from electricity.
   +Inv:      It lets you turn invisible.
 Z - a ring of protection from cold
   (You took it off a deep elf annihilator on level 3 of the Elven Halls)
Wands
 v - a wand of roots (34) {@v2}
   (You found it on level 7 of the Dungeon)
 w - a wand of flame (102) {@v4}
   (You found it on level 1 of the Lair of Beasts)
 E - a wand of digging (31) {@v3}
   (You found it on level 1 of the Lair of Beasts)
 F - a wand of mindburst (19)
   (You found it on level 2 of the Lair of Beasts)
 M - a wand of charming (10)
   (You took it off Urug on level 1 of the Orcish Mines)
 Q - a wand of polymorph (27)
   (You found it in a treasure trove)
 S - a wand of quicksilver (14) {@v1}
   (You found it in a treasure trove)
Scrolls
 a - a scroll of butterflies
 g - 10 scrolls of teleportation {@r3 !r}
 i - 3 scrolls of fear {!r}
 o - 10 scrolls of amnesia
 A - 10 scrolls of vulnerability
 C - 2 scrolls of torment
 I - 2 scrolls of poison
 O - 8 scrolls of fog {!r}
 W - 3 scrolls of summoning
 X - 9 scrolls of immolation
Potions
 c - 3 potions of resistance
 e - 12 potions of mutation
 f - 26 potions of curing {@q1 !q}
 j - 6 potions of berserk rage
 l - a potion of heal wounds {@q2 !q}
 m - 8 potions of lignification {@q6}
 n - 4 potions of haste {@q4 !q}
 q - 5 potions of attraction
 s - 8 potions of might {@q3 !q}
 u - 6 potions of brilliance
 z - 6 potions of enlightenment
 B - 9 potions of ambrosia
 L - 4 potions of magic
 N - 2 potions of cancellation
Miscellaneous
 h - a phantom mirror
   (You found it in a Gauntlet)
 K - a box of beasts (inert)
   (You found it in a Gauntlet)
 T - a sack of spiders (inert)
   (You found it in a treasure trove)
 V - a lightning rod (4/4)
   (You found it in a treasure trove)
 Y - a tin of tremorstones (2/2)
   (You found it on level 4 of the Shoals)


   Skills:
 - Level 14.9 Fighting
 - Level 14.9 Dodging
 - Level 14.9 Stealth
 - Level 14.9 Unarmed Combat
 - Level 14.9 Spellcasting
 - Level 14.9 Conjurations
 - Level 14.9 Hexes
 - Level 14.8 Translocations
 - Level 14.9 Transmutations
 - Level 2.0 Fire Magic
 + Level 14.4 Ice Magic
 + Level 14.5 Air Magic
 - Level 10.2 Poison Magic
 - Level 14.9 Evocations
 - Level 14.9 Shapeshifting


You had 3 spell levels left.
You knew the following spells:

 Your Spells              Type           Power      Damage    Failure   Level
a - Poisonous Vapours     Pois/Air       100%       N/A       1%          2
b - Confusing Touch       Hex            67%        N/A       1%          3
c - Alistair's Intoxicat  Tmut/Pois      41%        N/A       8%          5
d - Ignite Poison         Fire/Tmut/Pois 52%        N/A       4%          3
e - Apportation           Tloc           100%       N/A       1%          1
f - Freezing Cloud        Conj/Ice/Air   33%        6-21      4%          5
g - Lesser Beckoning      Tloc           100%       N/A       1%          2
h - Vhi's Electric Charg  Tloc/Air       100%       N/A       3%          4
i - Silence               Hex/Air        33%        N/A       4%          5
j - Wereblood             Tmut           67%        N/A       1%          2
k - Olgreb's Toxic Radia  Pois           55%        N/A       7%          4
l - Yara's Violent Unrav  Hex/Tmut       33%        3d14      4%          5
m - Mephitic Cloud        Conj/Pois/Air  63%        N/A       2%          3
n - Ozocubu's Armour      Ice            66%        N/A       1%          3
p - Passwall              Tmut/Erth      38%        N/A       4%          2
Y - Blink                 Tloc           100%       N/A       1%          2

Your spell library contained the following spells:

 Spells                   Type           Power      Damage    Failure   Level
 Freeze                   Ice            100%       1d10      1%          1
 Magic Dart               Conj           100%       1d8       1%          1
 Shock                    Conj/Air       100%       1d9       1%          1
 Ensorcelled Hibernation  Hex/Ice        100%       N/A       1%          2
 Jinxbite                 Hex            100%       N/A       1%          2
 Momentum Strike          Conj/Tloc      100%       3d10      1%          2
 Searing Ray              Conj           100%       2d8       1%          2
 Dazzling Flash           Conj/Hex       100%       N/A       1%          3
 Gell's Gravitas          Tloc           67%        N/A       1%          3
 Hailstorm                Conj/Ice       67%        3d14      1%          3
 Swiftness                Air            66%        N/A       1%          3
 Tukima's Dance           Hex            67%        N/A       1%          3
 Kiss of Death            Conj/Necr      100%       2d13      4%          1
 Cigotuvi's Dreadful Rot  Necr/Pois/Air  100%       N/A       4%          2
 Inner Flame              Hex/Fire       50%        N/A       5%          3
 Summon Guardian Golem    Hex/Summ       46%        N/A       7%          3
 Necrotise                Necr           60%        1d7       24%         1
 Sandblast                Erth           30%        2d9       24%         1
 Summon Small Mammal      Summ           60%        N/A       24%         1
 Call Imp                 Summ           30%        N/A       32%         2
 Call Canine Familiar     Summ           15%        N/A       50%         3
 Vampiric Draining        Necr           15%        2d7       50%         3
 Airstrike                Air            33%        2d(5-21)  3%          4
 Cause Fear               Hex            33%        N/A       3%          4
 Fulminant Prism          Conj/Hex       33%        3d15      3%          4
 Iskenderun's Mystic Bla  Conj/Tloc      67%        2d14      3%          4
 Arcjolt                  Conj/Air       33%        1d43      4%          5
 Iskenderun's Battlesphe  Conj           67%        2d12      4%          5
 Metabolic Englaciation   Hex/Ice        33%        N/A       4%          5
 Anguish                  Hex/Necr       23%        N/A       14%         4
 Summon Ice Beast         Ice/Summ       45%        N/A       16%         4
 Fireball                 Conj/Fire      25%        3d11      22%         5
 Eringya's Noxious Bog    Tmut/Pois      31%        4d6       22%         6
 Summon Forest            Summ/Tloc      23%        N/A       30%         5
 Enfeeble                 Hex            33%        N/A       36%         7
 Ozocubu's Refrigeration  Ice            33%        4d14      43%         7
 Bombard                  Conj/Erth      23%        9d4       75%         6
 Simulacrum               Ice/Necr       22%        N/A       77%         6
 Animate Dead             Necr           15%        N/A       83%         4
 Dispel Undead            Necr           15%        3d10      83%         4
 Discord                  Hex            33%        N/A       91%         8
 Maxwell's Capacitive Co  Air            33%        ∞         93%         8
 Agony                    Necr           15%        N/A       98%         5
 Borgnjor's Vile Clutch   Necr/Erth      7%         N/A       98%         5
 Malign Gateway           Summ/Tloc      23%        N/A       99%         7
 Spellforged Servitor     Conj/Summ      23%        N/A       99%         7
 Death Channel            Necr           7%         N/A       100%        6
 Haunt                    Necr/Summ      7%         N/A       100%        7
 Monstrous Menagerie      Summ           7%         N/A       100%        7
 Summon Hydra             Summ           7%         N/A       100%        7
 Borgnjor's Revivificati  Necr           7%         N/A       100%        8
 Infestation              Necr           7%         N/A       100%        8
 Dragon's Call            Summ           7%         N/A       100%        9
 Dimensional Bullseye     Hex/Tloc       Unusable   N/A       N/A         4
 Animate Armour           Summ/Erth      Unusable   N/A       N/A         4

Dungeon Overview and Level Annotations

Branches:
Dungeon (15/15)            Temple (0/1) D:6            Lair (5/5) D:10
 Shoals (4/4) Lair:3        Snake (4/4) Lair:2        Slime (1/5) Lair:5
    Orc (2/2) D:11            Elf (3/3) Orc:2        Vaults (5/5) D:14
  Crypt (3/3) Vaults:3       Tomb (0/3) Crypt:3      Depths (4/4) D:15
    Zot (5/5) Depths:4      Sewer (visited)         Gauntlet (visited)

Altars:
Cheibriados
Dithmenos
Fedhas
Gozag
Kikubaaqudgha
Makhleb
Nemelex Xobeh
Okawaru
Ru
Trog
Uskayaw
Xom
Yredelemnul
Zin
The Shining One

Shops:
D:4 ?   D:6 (=([?   D:13 *   D:15 *   Orc:1 [   Orc:2 [[!=   Elf:1 *
Shoals:1 [   Shoals:3 :   Snake:2 [:(   Vaults:2 =   Vaults:3 [((!*
Vaults:5 *   Depths:1 [   Depths:2 *[

Portals:
Hell: Depths:1 Depths:2 Depths:3 Depths:4
Abyss: Snake:4 Depths:3 Depths:4
Pandemonium: Depths:2 Depths:3
Ziggurat: Depths:1

Annotations:
D:14 exclusion: orange crystal statue
D:15 3 runed translucent doors, exclusion: 3 doors, kskgo's ghost, journeyman DjFE
Shoals:1 3 runed translucent doors, exclusion: 3 doors
Snake:4 2 transporters, Enothyex's ghost, adept OpSh
Elf:1 1 runed translucent door, exclusion: door, dranitski's ghost, adept MiBe
Elf:2 3 runed translucent doors
Depths:1 2 transporters, Ypaalobi's ghost, veteran DjFE
Zot:1 1 exclusion
Zot:5 1 exclusion


Innate Abilities, Weirdness & Mutations

You have sharp claws.
You have razor-sharp teeth.
You have supernaturally acute eyesight. (SInv)
You cover ground quickly. (Speed+)
Your thick and shaggy fur keeps you warm. (AC +3, rC+)
Your paws help you pounce on unaware monsters.
You are incapable of wielding weapons or throwing items.
You cannot wear armour.
You gain extra lives every three experience levels.
You are partially covered in iridescent scales. (AC +2)
You are agile. (Dex +4, Str/Int -1)
Your flesh is cold resistant. (rC+)
You are dopey. (Int -2)
Your spells are much harder to cast, but much more powerful.
You occasionally lose the ability to drink potions when taking damage.
You sometimes lose the ability to read scrolls when taking damage.
You expend magic power (3 MP) to strengthen your wands.
You passively dampen the noise of your surroundings.


Message History

There is a stone staircase leading down here.
(D) Dungeon (T) Temple (L) Lair (A) Shoals (P) Snake Pit (M) Slime Pits (O) Orcish Mines (E) Elven Halls (V) Vaults (C) Crypt (W) Tomb (U) Depths (H) Hell (Z) Zot
Where to? (Tab/Enter - D:1 @ (x,y), ? - help)
What level of the Dungeon? (default 1, ? - help)
A sixfirhy comes into view.
You see here a +0 mace.
There is a stone staircase leading up here.
The sixfirhy misses you.
You climb upwards.
A cherub comes into view.
It is wielding a +1 long sword of flaming.
There is a stone staircase leading down, spattered with blood here.
Things that are here:
a +0 quarterstaff; a +0 orcbow The sixfirhy closely misses you.
The sixfirhy completely misses you. x5
The cherub moves out of view.
You see here a +0 demon whip of venom.
The sixfirhy misses you. The sixfirhy attacks as it pursues you!
The sixfirhy completely misses you. x3
The sixfirhy hits you but does no damage.
The sixfirhy completely misses you.
There is a stone staircase leading up here.
You climb upwards.
There is a stone staircase leading down here.
You scratch the sixfirhy.
The sixfirhy is lightly wounded.
The sixfirhy completely misses you. x2
You miss the sixfirhy. You claw the sixfirhy.
The sixfirhy is moderately wounded.
The sixfirhy misses you. The sixfirhy completely misses you.
The sixfirhy misses you. The sixfirhy completely misses you.
An Orb Guardian comes into view.
You eviscerate the sixfirhy!!!
You kill the sixfirhy!
The Orb Guardian hits you! The Orb Guardian completely misses you.
You scratch the Orb Guardian but do no damage.
You claw the Orb Guardian.
The Orb Guardian is lightly wounded.
The Orb Guardian completely misses you.
You closely miss the Orb Guardian.
The Orb Guardian is lightly wounded.
The Orb Guardian barely misses you.
You closely miss the Orb Guardian. Your bite misses the Orb Guardian.
The Orb Guardian is lightly wounded.
The Orb Guardian completely misses you. The Orb Guardian barely misses you.
You barely miss the Orb Guardian. Your bite misses the Orb Guardian.
The Orb Guardian hits you but does no damage.
You mangle the Orb Guardian!!
The Orb Guardian is moderately wounded.
The Orb Guardian barely misses you. The Orb Guardian completely misses you.
You completely miss the Orb Guardian. You claw the Orb Guardian.
The Orb Guardian is moderately wounded.
The Orb Guardian misses you.
You eviscerate the Orb Guardian!!! You claw the Orb Guardian.
You bite the Orb Guardian!
The Orb Guardian is almost dead.
The Orb Guardian hits you!! The Orb Guardian misses you.
You scratch the Orb Guardian.
You bite the Orb Guardian, but do no damage.
The Orb Guardian is almost dead.
The Orb Guardian completely misses you.
You claw the Orb Guardian!
You kill the Orb Guardian!
You begin untransforming.
You continue untransforming. x3
You revert to your normal fleshy form.
(D) Dungeon (T) Temple (L) Lair (A) Shoals (P) Snake Pit (M) Slime Pits (O) Orcish Mines (E) Elven Halls (V) Vaults (C) Crypt (W) Tomb (U) Depths (H) Hell (Z) Zot
Where to? (Tab/Enter - D:1 @ (x,y), ? - help)
There is a stone staircase leading up here.
You climb upwards.
There is a stone staircase leading down here.
There is a stone staircase leading up here.
You climb upwards.
There is a stone staircase leading down here.
You see here a scroll of enchant weapon.
Magic restored.
There is an open door here.
You see here a +0 flail.
There is a stone staircase leading down here.
Things that are here:
a +0 robe; a +0 dagger
There is a stone staircase leading up here.
You climb upwards.
There is a stone staircase leading down here.
There is a stone staircase leading up here.
You climb upwards.
There is a stone staircase leading down here.
You see here a +0 heavy war axe.
HP restored.
There is a stone staircase leading up here.
You climb upwards.
There is a stone staircase leading down here.
You see here 6 javelins.
There is a staircase leading out of the dungeon here.
Unknown command.
You have escaped!

#[#...# #.#♣.♣#
#.#♣.♣
#############.#♣(♣
..............#♣.♣
......######..#♣.♣
........#.....#♣.♣
...>.##...)####♣.♣
........#.#[..#♣@♣
....##..#.#...#♣.♣
..........#.#.#♣.♣
..........#.###♣.♣
..........#...#♣.♣
..........###.#♣.♣
......###.# #.#♣.♣
#...###
#.###.#♣.♣# #.#.#
#.#...#...#


There were no monsters in sight!

Vanquished Creatures
  An ancient lich (Vaults:5)
  Mara (Depths:1)
  A juggernaut (Depths:4)
  Sojobo (Depths:1)
  Bai Suzhen (Shoals:3)
  A Killer Klown (Zot:3)
  6 curse toes
  Saint Roka (Elf:3)
  Nikola (Elf:1)
  8 golden dragons
  A pandemonium lord (Zot:2)
  Norris (Vaults:1)
  An electric golem (Zot:1)
  Rupert (Lair:4)
  13 tentacled monstrosities
  A walking earthen tome (Depths:4)
  A walking crystal tome (Depths:4)
  Zenata (Elf:3)
  9 liches
  4 Orb Guardians
  A deep elf blademaster (Elf:3)
  3 krakens
  4 deep elf master archers (Elf:3)
  A walking frostbound tome (Depths:3)
  3 titans
  A walking divine tome (Depths:3)
  8 quicksilver dragons
  8 sphinxes
  An acid blob (Slime:1)
  6 ancient champions
  The ghost of AdnanSaban the Warrior, an adept GrFi of Okawaru (Shoals:4)
  19 death cobs
  7 tengu reavers
  11 storm dragons
  Ilsuiw (Shoals:3)
  3 revenants (Crypt:1)
  Kirke (D:14)
  9 fire giants
  12 shadow dragons
  Roxanne (Snake:2)
  Aizul (Snake:1)
  5 nagarajas (Snake:4)
  7 draconian knights
  6 draconian monks
  Donald (Shoals:2)
  3 emperor scorpions
  6 deep elf sorcerers
  12 frost giants
  7 ghost moths
  A balrug (Depths:4)
  3 deep elf elementalists (Elf:3)
  2 curse skulls
  4 draconian scorchers
  5 draconian shifters
  18 vault wardens
  An iron dragon (Vaults:5)
  An orc warlord (Vaults:3)
  4 draconian annihilators (Zot:1)
  18 ironbound preservers
  A draconian stormcaller (Zot:3)
  A formless jellyfish (shapeshifter) (Elf:3)
  5 war gargoyles
  A demonspawn blood saint (Zot:4)
  2 spriggan defenders (Depths:2)
  7 very ugly things
  3 formless jellyfish
  4 ghouls
  6 ironbound thunderhulks
  6 deep elf demonologists
  25 stone giants
  14 dire elephants
  10 black draconians
  5 vampire knights
  7 white draconians
  11 green draconians
  8 red draconians
  5 yellow draconians
  2 minotaurs
  12 purple draconians
  A spark wasp (Depths:2)
  2 deep elf annihilators (Elf:3)
  3 eidola
  Snorg (Orc:1)
  2 green deaths
  14 ettins
  A mummy priest (Crypt:1)
  3 blizzard demons
  A crystal guardian (Vaults:2)
  7 deep elf death magi
  7 merfolk impalers
  11 fire dragons
  11 jiangshi
  4 merfolk javelineers
  6 deep elf high priests
  4 entropy weavers
  2 rakshasas
  A salamander tyrant (Snake:4)
  2 fenstrider witch zombies (Crypt:1)
  16 yaktaur captains
  10 ice dragons
  8 hydras
  Harold (Orc:1)
  25 vault guards
  2 peacekeepers
  3 ogre magi
  3 catoblepae
  11 centaur warriors
  8 great orbs of eyes
  2 spriggan air magi
  A merfolk avatar (Shoals:4)
  10 ironbound frosthearts
  A radroach (shapeshifter) (Elf:3)
  7 two-headed ogres
  A death knight (Crypt:2)
  4 merfolk aquamancers (Shoals:4)
  3 naga warriors
  5 boulder beetles
  Erica (Lair:2)
  6 anacondas
  3 satyrs
  5 tengu warriors
  5 dancing weapons
  12 deep troll earth magi
  A titan zombie (Crypt:1)
  7 deep troll shamans
  8 vampire magi
  Urug (Orc:1)
  4 orc high priests
  6 naga sharpshooters
  5 hell knights
  6 occultists
  15 deep elf knights
  3 spriggan berserkers
  7 shock serpents
  7 skysharks
  3 soul eaters
  A sun demon (Depths:3)
  5 salamander mystics
  2 fire crabs
  4 shadow wraiths
  7 sea snakes
  2 sixfirhies
  A death drake (Vaults:4)
  5 glowing orange brains
  6 iron trolls
  2 spriggan druids (Elf:3)
  A spectral spark wasp (Depths:4)
  17 skeletal warriors
  6 flayed ghosts
  A shadow demon (Depths:3)
  9 arcanists
  35 deep trolls
  3 goliath frogs
  A spriggan simulacrum (Crypt:1)
  A swamp dragon (shapeshifter) (Depths:3)
  7 lindwurms
  A spectral hydra (Crypt:1)
  22 harpies
  24 ironbound convokers
  A bunyip skeleton (Crypt:3)
  Pikel (D:5)
  8 orc knights
  9 phantasmal warriors
  6 deep elf archers
  A jorogumo zombie (Crypt:2)
  27 deep elf pyromancers
  An iron dragon zombie (Crypt:1)
  A fenstrider witch simulacrum (Crypt:1)
  2 naga ritualists
  8 mana vipers
  13 fauns
  4 orc sorcerers
  16 deep elf zephyrmancers
  An oklob plant (Lair:1)
  A faun (shapeshifter) (Vaults:5)
  6 necromancers
  30 ugly things
  13 salamanders
  19 manticores
  An iron dragon skeleton (Crypt:1)
  5 elephants (Lair:5)
  11 merfolk sirens
  19 moths of wrath
  10 naga magi
  A goliath frog skeleton (Crypt:1)
  6 guardian serpents
  Joseph (D:7)
  Maurice (D:8)
  13 cyclopes
  A black mamba (shapeshifter) (D:15)
  An eleionoma skeleton (Crypt:1)
  A torpor snail (Lair:3)
  A dire elephant zombie (Crypt:1)
  9 water nymphs
  17 vault sentinels
  A cane toad (shapeshifter) (Vaults:5)
  34 black mambas
  Maggie (D:7)
  An orange demon (D:8)
  18 cane toads
  3 smoke demons
  2 gargoyles
  5 rime drakes
  2 emperor scorpion simulacra (Crypt:1)
  18 komodo dragons
  A yaktaur (shapeshifter) (Lair:1)
  2 unseen horrors (D:12)
  2 hellions
  6 freezing wraiths
  27 yaktaurs
  An alligator snapping turtle skeleton (Crypt:3)
  A minotaur skeleton (Crypt:1)
  A mana viper skeleton (Crypt:2)
  2 polar bears
  10 meliai
  A queen bee (D:15)
  7 trolls
  A meliai (shapeshifter) (Elf:1)
  25 merfolk
  A queen bee (shapeshifter) (Vaults:1)
  2 merfolk (shapeshifter)
  A hellwing (D:15)
  2 harpy skeletons (Crypt:1)
  4 wind drakes
  A tarantella (Vaults:1)
  24 blink frogs
  2 tyrant leeches (Lair:5)
  17 snapping turtles
  10 dream sheep
  57 slime creatures
  A slime creature (shapeshifter) (Vaults:5)
  A raiju (shapeshifter) (Vaults:5)
  4 air elementals
  A culicivora (shapeshifter) (Vaults:2)
  3 flying skulls (Crypt:3)
  2 satyr skeletons (Crypt:2)
  A spriggan (shapeshifter) (D:13)
  2 jumping spiders
  13 water elementals
  A shadow (D:10)
  A human (shapeshifter) (Elf:3)
  4 wyverns
  3 wraiths
  4 vampires
  2 wyverns (shapeshifter)
  6 basilisks
  55 yaks
  Grum (D:7)
  3 golden eyes (Slime:1)
  6 hogs (D:14)
  2 steam dragons
  5 fire elementals
  12 vampire mosquitoes
  3 redbacks
  A small abomination (Zot:2)
  4 wargs
  38 nagas
  A merfolk zombie (Crypt:3)
  Duvessa (D:7)
  13 water moccasins
  A demonspawn skeleton (Crypt:2)
  2 acid dragons
  A hell hound (Elf:3)
  A sky beast (D:6)
  24 orc warriors
  2 ice beasts
  A swamp dragon zombie (Crypt:3)
  A black bear (Lair:3)
  An ice beast (shapeshifter) (D:9)
  A sky beast (shapeshifter) (Elf:1)
  5 ogres
  A torpor snail zombie (Crypt:3)
  5 boggarts (Vaults:1)
  25 wolves
  9 centaurs
  A lindwurm skeleton (Crypt:2)
  2 lemures
  A phantom (D:4)
  A manticore skeleton (Crypt:3)
  16 bullfrogs
  A kobold brigand (D:7)
  4 scorpions
  The ghost of pakraka the Sneak, an amateur SpEn of Nemelex Xobeh (D:3)
  A vine stalker zombie (Crypt:3)
  3 necrophages
  A wyvern zombie (Crypt:2)
  A gnoll sergeant (D:10)
  3 earth elementals
  A draconian skeleton (Crypt:2)
  5 wights (D:9)
  Dowan (D:7)
  25 killer bees
  A troll skeleton (Crypt:2)
  7 electric eels
  8 howler monkeys
  2 hounds
  A jelly (D:6)
  11 orc priests
  A gnoll bouda (D:4)
  8 iguanas
  2 sleepcaps
  A basilisk skeleton (Crypt:2)
  20 orc wizards
  3 centaur simulacra
  A deep dwarf zombie (Crypt:3)
  An acid dragon skeleton (Crypt:1)
  3 gnolls (D:4)
  8 adders
  A river rat (D:3)
  A shadow imp (D:7)
  5 white imps
  4 ufetubi (D:6)
  A worm zombie (Crypt:3)
  3 worms
  A dart slug (D:1)
  85 orcs
  8 bats
  4 endoplasms
  5 giant cockroaches
  10 goblins
  3 hobgoblins
  6 jackals
  2 quokkas
  2 ball pythons (D:3)
  3 frilled lizards (D:1)
  A giant cockroach zombie (Crypt:1)
  A gnoll skeleton (Crypt:3)
  10 kobolds
  4 rats
  10 tentacles
2017 creatures vanquished.

Vanquished Creatures (collateral kills)
  A curse toe (Zot:2)
  A golden dragon (Zot:4)
  2 bone dragons (Depths:4)
  A titan (Vaults:5)
  2 sphinxes (Vaults:5)
  2 tengu reavers (Vaults:5)
  2 shadow dragons
  A nagaraja (Snake:2)
  2 draconian monks
  An iron dragon (Vaults:5)
  A deep elf elementalist (Elf:3)
  A deep elf sorcerer (Elf:3)
  An ironbound preserver (Vaults:4)
  A white draconian (Zot:5)
  A deep elf demonologist (Elf:3)
  A black draconian (Zot:5)
  A green draconian (Zot:1)
  2 deep elf annihilators (Elf:3)
  A red draconian (Depths:4)
  A deep elf death mage (Elf:3)
  An ettin (Vaults:5)
  2 yaktaur captains (Vaults:5)
  A deep elf high priest (Elf:3)
  3 vault guards (Vaults:5)
  A hydra (Lair:5)
  An ogre mage (Vaults:5)
  A two-headed ogre (Vaults:5)
  An ironbound frostheart (Vaults:1)
  A hell knight (Depths:4)
  Amaemon (D:7)
  A flayed ghost (Vaults:5)
  3 deep trolls
  An ironbound convoker (Vaults:1)
  A phantasmal warrior (Vaults:5)
  2 deep elf zephyrmancers
  A salamander (D:15)
  A merfolk (shapeshifter) (Vaults:5)
  A naga (Snake:4)
  An orc warrior (D:7)
  An ogre (Vaults:5)
  A wolf (D:7)
  An orc priest (D:8)
  3 orcs
  2 goblins (D:8)
59 creatures vanquished.

Vanquished Creatures (others)
  A death cob (Zot:2)
  A shadow dragon (Zot:1)
  A fire giant (Depths:3)
  2 draconian scorchers
  A yellow draconian (Zot:1)
  A deep elf death mage (Elf:3)
  An ice dragon (Depths:3)
  A great orb of eyes (Vaults:4)
  A centaur warrior (D:13)
  A vampire mage (Crypt:2)
  5 dancing weapons
  A deep elf zephyrmancer (Elf:1)
  A faun (Shoals:2)
  A moth of wrath (Zot:3)
  2 ugly things (Vaults:4)
  A naga mage (Snake:4)
  A yaktaur (Vaults:4)
  A hornet (Vaults:5)
  A golden eye (shapeshifter) (Vaults:5)
  11 tentacles
36 creatures vanquished.

Grand Total: 2112 creatures vanquished

Notes
Turn   | Place    | Note
-------+----------+-------------------------------------------
     0 | D:1      | EnegeticOcto the Felid Chaos Knight began the quest for the
                  | Orb.
     0 | D:1      | Reached XP level 1. HP: 10/10 MP: 2/2
    50 | D:1      | Reached skill level 1 in Stealth
   126 | D:1      | Reached skill level 2 in Stealth
   126 | D:1      | XOM: divination: magic mapping
   209 | D:1      | Reached XP level 2. HP: 14/14 MP: 3/3
   353 | D:1      | XOM: silly message
   369 | D:1      | Reached skill level 3 in Stealth
   451 | D:1      | XOM: divination: magic mapping
   616 | D:2      | Found a faded altar of an unknown god.
  1086 | D:2      | Reached XP level 3. HP: 17/17 MP: 4/4
  1169 | D:2      | XOM: cast spell 'Olgreb's Toxic Radiance'
  1318 | D:2      | XOM: silly message
  1384 | D:2      | XOM: noise
  1595 | D:3      | Noticed pakraka's ghost (amateur SpEn)
  1605 | D:3      | Found a runed translucent gate.
  1605 | D:3      | Found a runed translucent gate.
  1605 | D:3      | Found a runed translucent gate.
  1621 | D:3      | Found an ancient bone altar of Kikubaaqudgha.
  1634 | D:3      | XOM: smoke on damage
  1756 | D:3      | Identified the staff "Saus Zoulaos" {rElec rC+ Str+3 Dex-3
                  | Stlth+ Ice} (Xom gifted it to you on level 3 of the
                  | Dungeon)
  1756 | D:3      | XOM: god gift: staff "Saus Zoulaos" {rElec rC+ Str+3 Dex-3
                  | Stlth+ Ice}
  1790 | D:3      | Reached skill level 4 in Dodging
  1909 | D:3      | XOM: noise
  2010 | D:3      | XOM is BORED!
  2070 | D:3      | XOM: enchant monster (good)
  2077 | D:3      | Reached XP level 4. HP: 21/21 MP: 5/5
  2122 | D:3      | Found a glowing drain.
  2127 | Sewer    | Entered a sewer
  2155 | Sewer    | Noticed Pargi
  2176 | Sewer    | XOM: enchant monster (bad)
  2191 | Sewer    | XOM: summons 2 friendly demons
  2207 | Sewer    | XOM: potion effect (brilliance)
  2253 | D:3      | XOM: silly message
  2427 | D:4      | Found a shadowy altar of Dithmenos.
  2441 | D:4      | Reached skill level 4 in Unarmed Combat
  2456 | D:4      | Found a sparkling altar of Nemelex Xobeh.
  2724 | D:4      | XOM: noise
  2732 | D:4      | Reached skill level 5 in Dodging
  2732 | D:4      | Reached XP level 5. HP: 22/24 MP: 6/6
  2934 | D:4      | XOM: give mutation
  2934 | D:4      | Gained mutation: You have hidden genetic potential. [Xom's
                  | grace]
  3025 | D:4      | XOM: butterfly on damage
  3033 | D:4      | XOM: fog
  3060 | D:4      | XOM: summons friendly crimson imp
  3090 | D:4      | XOM: give mutations
  3090 | D:4      | Gained mutation: You passively dampen the noise of your
                  | surroundings. [Xom's grace]
  3090 | D:4      | Gained mutation: You are robust. (+10% HP) [Xom's grace]
  3090 | D:4      | Gained mutation: You are partially covered in iridescent
                  | scales. (AC +2) [Xom's grace]
  3090 | D:4      | Gained mutation: You possess an exceptional clarity of
                  | mind. [Xom's grace]
  3120 | D:4      | XOM: divination: detect items
  3164 | D:4      | Found Cearpheo's Magic Scroll Shoppe.
  3178 | D:4      | Bought a scroll of summoning for 95 gold pieces
  3183 | D:4      | Learned a level 2 spell: Poisonous Vapours
  3209 | D:4      | Noticed a phantom
  3320 | D:4      | XOM: swap monsters
  3325 | D:4      | Reached skill level 5 in Unarmed Combat
  3384 | D:4      | Gained mutation: You are covered in thick fur. (AC +2)
                  | [Felid growth]
  3384 | D:4      | Reached XP level 6. HP: 30/30 MP: 7/7
  3540 | D:4      | Gained mutation: You are agile. (Dex +4, Str/Int -1)
                  | [hidden potential]
  3772 | D:4      | Found a burning altar of Makhleb.
  3894 | D:4      | XOM: summons friendly white imp
  3912 | D:4      | Reached skill level 1 in Air Magic
  3912 | D:4      | Reached skill level 1 in Poison Magic
  3933 | D:4      | XOM: enchant monster (good)
  3943 | D:4      | Reached skill level 4 in Fighting
  4023 | D:5      | Entered Level 5 of the Dungeon
  4028 | D:5      | Noticed Pikel
  4255 | D:4      | XOM: scenery: 1 doors close
  4297 | D:4      | XOM: confuse monster(s)
  4365 | D:4      | Reached XP level 7. HP: 21/36 MP: 3/8
  4479 | D:5      | Gained mutation: You have a somewhat thin skeletal
                  | structure. (Dex +2, Stealth+) [hidden potential]
  4479 | D:5      | Lost mutation: You have hidden genetic potential. [hidden
                  | potential expressed]
  4729 | D:5      | Reached skill level 5 in Fighting
  4809 | D:5      | Found a glowing golden altar of the Shining One.
  4809 | D:5      | Found a hide-covered altar of Uskayaw.
  4821 | D:5      | XOM: 1-stop teleportation journey
  4827 | D:5      | XOM: swap monsters
  4828 | D:5      | XOM: chaos upgrade
  4844 | D:5      | XOM: give mutation
  4844 | D:5      | Lost mutation: You passively dampen the noise of your
                  | surroundings. [Xom's mischief]
  4847 | D:5      | Reached skill level 1 in Spellcasting
  5009 | D:4      | Reached skill level 2 in Air Magic
  5009 | D:4      | Reached skill level 2 in Poison Magic
  5168 | D:5      | Learned a level 3 spell: Mephitic Cloud
  5271 | D:5      | XOM: 1-stop teleportation journey
  5275 | D:5      | XOM: summons friendly white imp
  5446 | D:5      | XOM: god gift: potion of heal wounds
  5567 | D:5      | XOM: 4-stop teleportation journey
  5606 | D:5      | XOM: enchant monster (good)
  5618 | D:5      | Killed Pikel
  5619 | D:5      | Reached skill level 6 in Dodging
  5619 | D:5      | Reached skill level 4 in Stealth
  5619 | D:5      | Reached skill level 4 in Air Magic
  5619 | D:5      | Reached skill level 3 in Poison Magic
  5619 | D:5      | Reached XP level 8. HP: 39/40 MP: 2/10
  5923 | D:5      | Found a basalt altar of Yredelemnul.
  5967 | D:4      | Bought a scroll of identify for 20 gold pieces
  5967 | D:4      | Bought a scroll of identify for 20 gold pieces
  6023 | D:6      | Identified the +2 whip of Neack {heavy, *Slow rPois Str+4}
  6045 | D:6      | XOM: divination: detect creatures
  6240 | D:6      | You are sucked into a shaft and drop 2 floors!
  6272 | D:8      | Found a flagged portal.
  6282 | D:8      | Noticed Maurice
  6284 | D:8      | XOM: summons 3 friendly demons
  6305 | D:7      | Noticed Joseph
  6323 | D:6      | Found Alock's Antique Weapon Boutique.
  6430 | D:6      | Found a staircase to the Ecumenical Temple.
  6465 | D:6      | Found Kalutyl's Jewellery Emporium.
  6507 | D:6      | Found Zuihiel's Antique Armour Boutique.
  6535 | D:6      | Reached skill level 5 in Air Magic
  6535 | D:6      | Reached skill level 4 in Poison Magic
  6808 | D:6      | Found Tois's Magic Scroll Shoppe.
  6979 | D:6      | Reached skill level 5 in Poison Magic
  7116 | D:6      | Found Hiffeek's Antique Weapon Boutique.
  7182 | D:6      | Reached skill level 1 in Conjurations
  7182 | D:6      | Reached XP level 9. HP: 14/44 MP: 11/11
  7189 | D:6      | HP: 2/44 [poisoned by a water moccasin]
  7435 | D:6      | XOM: scenery: create altars
  7853 | D:7      | Killed Joseph
  7854 | D:7      | Reached skill level 6 in Fighting
  7854 | D:7      | Reached skill level 7 in Dodging
  7854 | D:7      | Reached skill level 2 in Conjurations
  7992 | D:7      | XOM: cast spell 'Leda's Liquefaction'
  8092 | D:7      | Found an iron altar of Okawaru.
  8215 | D:7      | XOM: cloud trail
  8239 | D:7      | Reached skill level 3 in Conjurations
  8275 | D:7      | XOM: give mutations
  8275 | D:7      | Gained mutation: A frigid envelope surrounds you and
                  | freezes all who hurt you. [Xom's grace]
  8275 | D:7      | Gained mutation: Your muscles are strong. (Str +4, Int/Dex
                  | -1) [Xom's grace]
  8414 | D:7      | Identified the +4 pair of boots of the Cartwright {rPois
                  | rF++ rCorr Str-5}
  8427 | D:7      | Noticed Dowan
  8428 | D:7      | Noticed Duvessa
  8429 | D:7      | Noticed Maggie
  8435 | D:7      | Killed Duvessa
  8437 | D:7      | Killed Maggie
  8438 | D:7      | Reached skill level 8 in Dodging
  8440 | D:7      | Killed Dowan
  8483 | D:7      | XOM: give mutations
  8483 | D:7      | Gained mutation: Your flesh is heat resistant. (rF+) [Xom's
                  | grace]
  8483 | D:7      | Gained mutation: You have a pair of small horns on your
                  | head. [Xom's grace]
  8709 | D:7      | Reached skill level 7 in Fighting
  8709 | D:7      | Reached skill level 4 in Conjurations
  8800 | D:7      | Reached skill level 9 in Dodging
  8803 | D:7      | XOM: confuse monster(s)
  8804 | D:7      | XOM: noise
  8809 | D:7      | XOM: enchant monster (bad)
  8817 | D:7      | Reached skill level 1 in Evocations
  8817 | D:7      | Reached XP level 10. HP: 48/51 MP: 12/12
  8828 | D:7      | Reached skill level 6 in Unarmed Combat
  8864 | D:8      | Noticed Grum
  8865 | D:8      | XOM: cast spell 'Summon Ice Beast'
  8873 | D:7      | Reached skill level 2 in Evocations
  8927 | D:7      | Killed Grum
  9049 | D:8      | Noticed Amaemon
  9055 | D:8      | XOM: noise
  9055 | D:8      | Noticed an orange demon
  9066 | D:7      | Succumbed to Amaemon's poison
  9071 | D:7      | Killed Amaemon
  9072 | D:7      | Reached skill level 8 in Fighting
  9072 | D:7      | Reached skill level 3 in Evocations
  9122 | D:8      | XOM: 1-stop teleportation journey
  9199 | D:8      | Reached skill level 4 in Evocations
  9275 | D:8      | XOM: scenery: summon butterflies
  9448 | D:8      | XOM: 5-stop teleportation journey
  9519 | D:8      | XOM: cleaving
  9522 | D:8      | Reached skill level 7 in Unarmed Combat
  9700 | D:8      | XOM: confuse monster(s)
  9726 | D:8      | Killed an orange demon
  9801 | D:8      | XOM: scenery: create altars
 10009 | D:8      | Maurice stole a ring of flight
 10010 | D:8      | Killed Maurice
 10161 | D:9      | Learned a level 1 spell: Apportation
 10313 | D:9      | Noticed an eight-headed hydra
 10351 | D:9      | Reached skill level 5 in Evocations
 10436 | D:9      | Found a blossoming altar of Fedhas.
 10481 | D:9      | Noticed a seven-headed hydra
 10481 | D:9      | XOM: 2-stop teleportation journey
 10485 | D:9      | Noticed a purple ugly thing
 10614 | D:9      | Noticed a two-headed ogre
 10622 | D:9      | XOM: cast spell 'Summon Ice Beast'
 10686 | D:9      | XOM: repel stairs
 10691 | D:9      | XOM: give mutations
 10691 | D:9      | Lost mutation: You are partially covered in iridescent
                  | scales. (AC +2) [Xom's mischief]
 10691 | D:9      | Lost mutation: You possess an exceptional clarity of mind.
                  | [Xom's mischief]
 10703 | D:9      | Killed a two-headed ogre
 10704 | D:9      | Reached skill level 9 in Fighting
 10704 | D:9      | Reached skill level 1 in Shapeshifting
 10856 | D:9      | Reached skill level 2 in Shapeshifting
 10895 | D:9      | XOM: polymorph yak -> shapeshifter
 10905 | D:9      | XOM: confuse monster(s)
 10911 | D:9      | XOM: divination: magic mapping
 10912 | D:9      | Reached XP level 11. HP: 49/58 MP: 6/13
 11000 | D:9      | Noticed a two-headed ogre
 11014 | D:9      | XOM: confuse monster(s)
 11062 | D:9      | XOM: potion effect (might)
 11068 | D:9      | Killed a two-headed ogre
 11069 | D:9      | Reached skill level 8 in Unarmed Combat
 11069 | D:9      | Reached skill level 3 in Shapeshifting
 11117 | D:9      | XOM: scenery: create altars
 11123 | D:9      | XOM: potion effect (might)
 11396 | D:9      | Reached skill level 4 in Shapeshifting
 11485 | D:9      | Got the Compendium of the Changing Hornet
 11491 | D:9      | Learned a level 4 spell: Olgreb's Toxic Radiance
 11509 | D:9      | XOM: god gift: 13 gold pieces
 11549 | D:10     | Entered Level 10 of the Dungeon
 11588 | D:10     | Noticed a boulder beetle
 11597 | D:10     | Found a staircase to the Lair.
 11597 | D:10     | Found a bloodstained altar of Trog.
 11597 | D:10     | XOM: 3-stop teleportation journey
 11603 | D:10     | Killed a boulder beetle
 11679 | D:10     | XOM: cloud trail
 11866 | D:10     | Reached skill level 10 in Fighting
 12005 | D:10     | XOM: summons 9 friendly demons
 12021 | D:10     | Reached skill level 2 in Spellcasting
 12021 | D:10     | Reached skill level 6 in Poison Magic
 12112 | D:10     | Noticed a two-headed ogre
 12133 | D:10     | XOM: enchant monster (good)
 12140 | D:10     | Killed a two-headed ogre
 12258 | D:10     | Reached skill level 3 in Spellcasting
 12331 | D:10     | XOM: torment (27/59 hp)
 12427 | D:10     | XOM: 2-stop teleportation journey
 12537 | D:10     | XOM: silly message
 12581 | D:10     | Noticed a centaur warrior
 12590 | D:10     | XOM: god gift: halberd {god gift}
 12708 | D:10     | Found a snail-covered altar of Cheibriados.
 12770 | D:10     | XOM: silly message
 12981 | D:11     | XOM: noise
 13068 | D:11     | XOM: give mutations
 13068 | D:11     | Lost mutation: Your flesh is heat resistant. (rF+) [Xom's
                  | mischief]
 13068 | D:11     | Gained mutation: You are strong-willed. (Will+) [Xom's
                  | mischief]
 13149 | D:11     | Learned a level 3 spell: Ignite Poison
 13168 | D:11     | Found a staircase to the Orcish Mines.
 13390 | D:11     | XOM: scenery: summon butterflies
 13405 | D:11     | Reached skill level 1 in Transmutations
 13481 | D:11     | Reached skill level 4 in Spellcasting
 13481 | D:11     | Reached skill level 1 in Fire Magic
 13699 | D:11     | Reached skill level 7 in Poison Magic
 13721 | D:11     | Reached skill level 2 in Transmutations
 13883 | Lair:1   | Entered Level 1 of the Lair of Beasts
 13903 | Lair:1   | Reached skill level 2 in Fire Magic
 13976 | D:6      | Bought a +4 ring of protection for 432 gold pieces
 14048 | Lair:1   | XOM: potion effect (curing)
 14124 | Lair:1   | XOM: polymorph komodo dragon -> shapeshifter
 14282 | Lair:1   | Gained mutation: Your thick and shaggy fur keeps you warm.
                  | (AC +3, rC+) [Felid growth]
 14282 | Lair:1   | Reached XP level 12. HP: 63/63 MP: 5/19
 14282 | Lair:1   | XOM: confuse monster(s)
 14398 | Lair:1   | Reached skill level 8 in Poison Magic
 14550 | Lair:1   | XOM: 1-stop teleportation journey
 14566 | Lair:1   | XOM: blink monster(s)
 14655 | Lair:1   | XOM: give mutation
 14655 | Lair:1   | Lost mutation: You have a somewhat thin skeletal structure.
                  | (Dex +2, Stealth+) [Xom's mischief]
 14708 | Lair:1   | XOM: 2-stop teleportation journey
 14713 | Lair:1   | XOM: cleaving
 14729 | Lair:1   | Reached skill level 9 in Poison Magic
 14837 | Lair:1   | XOM: enchant monster (good)
 14844 | Lair:1   | Noticed a catoblepas
 14845 | Lair:1   | a catoblepas changed into an emperor scorpion
 14845 | Lair:1   | Noticed an emperor scorpion
 14845 | Lair:1   | XOM: polymorph catoblepas -> emperor scorpion
 14850 | Lair:1   | Killed by an exploding wolf... ignited by their inner flame
 14863 | Lair:1   | XOM: fog
 14879 | Lair:1   | XOM: summons friendly shadow imp
 14897 | Lair:1   | Killed an emperor scorpion
 14898 | Lair:1   | Reached skill level 10 in Poison Magic
 15076 | Lair:1   | XOM: summons friendly crimson imp
 15282 | Lair:1   | XOM: cloud trail
 15359 | Lair:1   | XOM is BORED!
 15507 | Lair:1   | Learned a level 2 spell: Passwall
 15749 | Lair:2   | Noticed a seven-headed hydra
 15765 | Lair:2   | Identified the +9 orcbow "Beast's Doom" {speed, rC- rN+
                  | Str+2}
 15924 | Lair:2   | XOM: scenery: summon butterflies
 16089 | Lair:2   | Noticed Erica
 16095 | Lair:2   | XOM: give mutation
 16095 | Lair:2   | Gained mutation: You passively dampen the noise of your
                  | surroundings. [Xom's grace]
 16099 | Lair:2   | Killed Erica
 16100 | Lair:2   | Reached skill level 1 in Ice Magic
 16178 | Lair:2   | XOM: scenery: create altars
 16200 | Lair:1   | XOM: god gift: 5 stones
 16505 | Lair:2   | XOM: confusion (+ monsters)
 16512 | Lair:2   | Reached skill level 2 in Ice Magic
 16553 | Lair:2   | XOM: summons 5 hostile demons
 16620 | Lair:2   | XOM: confusion (+ monsters)
 16835 | Lair:2   | Reached skill level 10 in Dodging
 16835 | Lair:2   | Reached skill level 5 in Spellcasting
 17041 | Lair:2   | Reached skill level 3 in Ice Magic
 17082 | Lair:2   | XOM: 2-stop teleportation journey
 17211 | Lair:2   | XOM: give mutations
 17211 | Lair:2   | Gained mutation: Your mind is acute. (Int +4, Str/Dex -1)
                  | [Xom's grace]
 17211 | Lair:2   | Gained mutation: You are very agile. (Dex +8, Str/Int -2)
                  | [Xom's grace]
 17211 | Lair:2   | Gained mutation: Your muscles are very strong. (Str +8,
                  | Int/Dex -2) [Xom's grace]
 17211 | Lair:2   | Gained mutation: Your flesh is heat resistant. (rF+) [Xom's
                  | grace]
 17429 | Lair:2   | Found a staircase to the Snake Pit.
 17772 | Lair:3   | XOM: silly message
 17783 | Lair:3   | XOM: blink monster(s)
 18111 | Lair:3   | Learned a level 5 spell: Freezing Cloud
 18193 | Lair:3   | XOM: god gift: ring mail {god gift}
 18350 | Lair:3   | Reached XP level 13. HP: 56/67 MP: 15/22
 18398 | Lair:3   | Reached skill level 4 in Ice Magic
 18568 | Lair:3   | Reached skill level 11 in Dodging
 18568 | Lair:3   | Reached skill level 6 in Spellcasting
 18636 | Lair:3   | XOM: scenery: summon butterflies
 18818 | Lair:3   | XOM: cloud trail
 19249 | Lair:3   | XOM: silly message
 19340 | Lair:3   | XOM: butterfly on damage
 19371 | Lair:3   | XOM: silly message
 20017 | Lair:3   | XOM: silly message
 20037 | Lair:3   | Found a staircase to the Shoals.
 20418 | Lair:4   | Reached skill level 5 in Shapeshifting
 20433 | Lair:4   | Noticed Rupert
 20440 | Lair:4   | Killed Rupert
 20441 | Lair:4   | Reached skill level 12 in Dodging
 20536 | Lair:4   | Reached skill level 7 in Spellcasting
 20563 | Lair:4   | XOM: cloud trail
 20574 | Lair:4   | XOM: silly message
 20679 | Lair:4   | Found a gate leading to a gauntlet.
 20694 | Gauntlet | Entered a Gauntlet
 20694 | Gauntlet | Found a transporter.
 20706 | Gauntlet | Found a transporter.
 20708 | Gauntlet | Found a transporter.
 20719 | Gauntlet | Found a transporter.
 20722 | Gauntlet | Found a transporter.
 20730 | Gauntlet | Found a runed translucent door.
 20733 | Gauntlet | Found a transporter.
 20747 | Gauntlet | Found a transporter.
 20757 | Gauntlet | Found a transporter.
 20760 | Gauntlet | Noticed a green death
 20765 | Gauntlet | Found a runed translucent door.
 20767 | Gauntlet | Found a transporter.
 20769 | Gauntlet | Found a runed translucent door.
 20781 | Gauntlet | Found a transporter.
 20791 | Gauntlet | Found a transporter.
 20794 | Gauntlet | Found a transporter.
 20850 | Gauntlet | Identified the ring "Vuanlene" {rPois rN++ rCorr Str+6
                  | Slay-2}
 20876 | Gauntlet | Found a transporter.
 20903 | Gauntlet | Noticed a minotaur
 20920 | Gauntlet | Killed a minotaur
 21001 | Gauntlet | Identified the +1 long sword of Papiubre {freeze, rF+ rN++}
 21001 | Gauntlet | Identified the +1 ring mail "Gewkeocw" {Int+4 Dex+4}
 21004 | Gauntlet | Got the Tome of the Jinx
 21009 | Gauntlet | Learned a level 2 spell: Blink
 21012 | Gauntlet | Learned a level 2 spell: Lesser Beckoning
 21269 | Lair:4   | Found a frozen archway.
 21511 | Lair:4   | XOM: blink monster(s)
 21724 | Lair:5   | Entered Level 5 of the Lair of Beasts
 21724 | Lair:5   | Found a staircase to the Slime Pits.
 21725 | Lair:5   | XOM: enchant monster (bad)
 21729 | Lair:5   | Reached skill level 6 in Shapeshifting
 21807 | Lair:4   | XOM: summons 1 hostile shadow creature
 21955 | Lair:5   | XOM: 2-stop teleportation journey
 21956 | Lair:5   | XOM: scenery: summon butterflies
 21985 | Lair:5   | XOM: fake destruction
 22092 | Lair:5   | Reached skill level 13 in Dodging
 22184 | Lair:4   | XOM: summons 4 hostile shadow creatures
 22217 | Lair:3   | XOM: give mutation
 22217 | Lair:3   | Gained mutation: Your flesh is very heat resistant. (rF++)
                  | [Xom's mischief]
 22385 | Lair:5   | XOM: 1-stop teleportation journey
 22394 | Lair:5   | XOM: blink monster(s)
 22404 | Lair:5   | Reached skill level 8 in Spellcasting
 22406 | Lair:5   | XOM: cast spell 'Dispersal'
 22407 | Lair:5   | XOM: enchant monster (good)
 22425 | Lair:5   | Reached skill level 7 in Shapeshifting
 22439 | Lair:5   | XOM: chaos cloud
 22558 | Lair:4   | XOM: polymorph cane toad -> yaktaur
 22560 | Lair:4   | XOM: polymorph yaktaur -> moth of wrath
 22807 | Lair:5   | Reached XP level 14. HP: 72/72 MP: 20/27
 22818 | Lair:5   | XOM: noise
 23022 | Lair:5   | XOM: 1-stop teleportation journey
 23075 | Lair:5   | Reached skill level 14 in Dodging
 23075 | Lair:5   | Reached skill level 8 in Shapeshifting
 23330 | Lair:4   | XOM: summons 4 hostile demons
 23411 | Lair:5   | Reached skill level 9 in Shapeshifting
 23604 | Lair:5   | XOM: silly message
 23666 | Lair:5   | XOM is BORED!
 23692 | Lair:5   | XOM: give mutation
 23692 | Lair:5   | Lost mutation: You are robust. (+10% HP) [Xom's mischief]
 23854 | Lair:5   | XOM: 3-stop teleportation journey
 23884 | Lair:5   | XOM: god gift: scroll of enchant armour
 24032 | Lair:5   | Reached skill level 10 in Shapeshifting
 24648 | D:3      | Killed pakraka's ghost
 24738 | D:4      | Bought a scroll of immolation for 40 gold pieces
 24738 | D:4      | Bought a scroll of teleportation for 30 gold pieces
 24738 | D:4      | Bought a scroll of teleportation for 30 gold pieces
 24738 | D:4      | Bought a scroll of vulnerability for 40 gold pieces
 24738 | D:4      | Bought a scroll of teleportation for 30 gold pieces
 24807 | D:6      | Bought a scroll of fear for 48 gold pieces
 24807 | D:6      | Bought a scroll of vulnerability for 48 gold pieces
 24807 | D:6      | Bought a scroll of teleportation for 36 gold pieces
 24807 | D:6      | Bought a scroll of blinking for 90 gold pieces
 24933 | Orc:1    | Entered Level 1 of the Orcish Mines
 24940 | Orc:1    | Found Xaaqew's Antique Armour Shop.
 24940 | Orc:1    | XOM: 2-stop teleportation journey
 24989 | Orc:1    | Noticed Urug
 24993 | Orc:1    | Killed Urug
 25168 | Orc:2    | Entered Level 2 of the Orcish Mines
 25481 | Orc:1    | Noticed Harold
 25490 | Orc:1    | Killed Harold
 25839 | Orc:2    | XOM: noise
 25906 | Orc:1    | Noticed Snorg
 25915 | Orc:1    | Killed Snorg
 25916 | Orc:1    | Reached skill level 11 in Shapeshifting
 26454 | Orc:2    | XOM: confusion
 26576 | Orc:2    | Found a staircase to the Elven Halls.
 26699 | Orc:2    | XOM: noise
 26829 | Orc:2    | XOM: confuse monster(s)
 26842 | Orc:2    | Reached skill level 12 in Shapeshifting
 27009 | Orc:2    | Found Ydaneah's Distillery.
 27009 | Orc:2    | Found Sery's Jewellery Boutique.
 27075 | Orc:2    | Found Naimpa's Antique Armour Shoppe.
 27075 | Orc:2    | Found Doze's Antique Armour Boutique.
 27081 | Orc:2    | Bought a potion of cancellation for 120 gold pieces
 27092 | Orc:2    | Bought a potion of haste for 150 gold pieces
 27092 | Orc:2    | Bought a potion of invisibility for 120 gold pieces
 27092 | Orc:2    | Bought a potion of curing for 45 gold pieces
 27092 | Orc:2    | Bought a potion of curing for 45 gold pieces
 27414 | D:12     | XOM: give mutation
 27414 | D:12     | Lost mutation: A frigid envelope surrounds you and freezes
                  | all who hurt you. [Xom's mischief]
 27488 | D:12     | XOM: summons 8 hostile demons
 27538 | D:12     | XOM: give mutations
 27538 | D:12     | Lost mutation: You are very agile. (Dex +8, Str/Int -2)
                  | [Xom's mischief]
 27538 | D:12     | Lost mutation: You are agile. (Dex +4, Str/Int -1) [Xom's
                  | mischief]
 27538 | D:12     | Lost mutation: Your mind is acute. (Int +4, Str/Dex -1)
                  | [Xom's mischief]
 27538 | D:12     | Lost mutation: Your flesh is very heat resistant. (rF++)
                  | [Xom's mischief]
 27571 | D:12     | XOM: noise
 27702 | D:12     | XOM: blink monster(s)
 27705 | D:12     | XOM: scenery: summon butterflies
 27813 | D:12     | XOM: repel stairs
 27924 | D:12     | Found a portal to a secret trove of treasure.
 27930 | Trove    | Entered a treasure trove
 27934 | Trove    | Identified the amulet of Birdsong {Spirit +Inv rElec Str+3}
 27958 | Trove    | Identified the ring "Xyisyl" {rCorr Int+2}
 28016 | Trove    | XOM: stat loss: -1 Str (25/26)
 28022 | Trove    | Got the Catalogue of Feculent Terra Firma
 28087 | D:12     | XOM: give mutations
 28087 | D:12     | Gained mutation: You are partially covered in iridescent
                  | scales. (AC +2) [Xom's grace]
 28087 | D:12     | Gained mutation: You are highly strong-willed. (Will++)
                  | [Xom's grace]
 28250 | D:13     | Found Laucujag's General Store.
 28301 | D:13     | Reached skill level 13 in Shapeshifting
 28301 | D:13     | XOM: god gift: staff of poison
 28508 | D:13     | Learned a level 4 spell: Vhi's Electric Charge
 28611 | D:13     | XOM: divine lightning
 28773 | D:13     | Reached XP level 15. HP: 58/69 MP: 17/28
 29136 | D:13     | XOM: give mutation
 29136 | D:13     | Gained mutation: Your flesh is cold resistant. (rC+) [Xom's
                  | grace]
 29205 | D:14     | XOM: noise
 29205 | D:14     | Noticed Kirke
 29213 | D:14     | Killed Kirke
 29320 | D:14     | XOM: give mutations
 29320 | D:14     | Gained mutation: You expend magic power (3 MP) to
                  | strengthen your wands. [Xom's grace]
 29320 | D:14     | Gained mutation: Your system is resistant to poisons.
                  | (rPois) [Xom's grace]
 29341 | D:14     | Reached skill level 14 in Shapeshifting
 29361 | D:14     | XOM: 5-stop teleportation journey
 29661 | D:14     | XOM: fog
 29713 | D:14     | XOM: give mutation
 29713 | D:14     | Lost mutation: You are highly strong-willed. (Will++)
                  | [Xom's mischief]
 29822 | D:14     | Found a gate to the Vaults.
 29826 | D:14     | XOM: cleaving
 30146 | D:14     | XOM: god gift: thick glowing staff {god gift}
 30173 | D:15     | Entered Level 15 of the Dungeon
 30229 | D:15     | Found a runed translucent gate.
 30229 | D:15     | Found a runed translucent gate.
 30229 | D:15     | Found a runed translucent gate.
 30231 | D:15     | Found an opulent altar of Gozag.
 30232 | D:15     | Noticed kskgo's ghost (journeyman DjFE)
 30233 | D:15     | Found Bet Bunk's Assorted Antiques.
 30233 | D:15     | Noticed a tengu reaver
 30312 | D:15     | Noticed an emperor scorpion
 30314 | D:15     | XOM: potion effect (haste)
 30456 | D:15     | Found a glowing silver altar of Zin.
 30467 | D:15     | XOM: god gift: scale mail {god gift}
 30672 | D:15     | Reached skill level 5 in Stealth
 30685 | D:15     | XOM: cast spell 'Cause Fear'
 30745 | D:14     | XOM: god gift: scroll of torment
 30926 | D:15     | Found a staircase to the Depths.
 31170 | D:15     | Killed an emperor scorpion
 31334 | D:15     | XOM: god gift: +1 gold dragon scales
 31373 | D:14     | XOM: give mutation
 31373 | D:14     | Gained mutation: Your spells are a little harder to cast,
                  | but a little more powerful. [Xom's grace]
 31455 | D:14     | XOM: divination: detect items
 31535 | D:15     | Reached skill level 6 in Stealth
 31701 | D:15     | XOM: give mutation
 31701 | D:15     | Gained mutation: You are somewhat resistant to further
                  | mutation. [Xom's grace]
 31775 | D:15     | XOM: god gift: wand of charming (4)
 32305 | Snake:1  | Entered Level 1 of the Snake Pit
 32435 | Lair:2   | XOM: give mutations
 32435 | Lair:2   | Gained mutation: Your natural rate of healing is unusually
                  | fast. [Xom's grace]
 32435 | Lair:2   | Gained mutation: You are somewhat resistant to both further
                  | mutation and mutation removal. [Xom's grace]
 32435 | Lair:2   | Gained mutation: You are highly strong-willed. (Will++)
                  | [Xom's grace]
 32461 | Snake:1  | XOM: cast spell 'Dispersal'
 32592 | Snake:1  | XOM: give mutations
 32592 | Snake:1  | Gained mutation: You are mostly covered in iridescent
                  | scales. (AC +4) [Xom's grace]
 32592 | Snake:1  | Gained mutation: You possess an exceptional clarity of
                  | mind. [Xom's grace]
 32756 | Snake:1  | Found a sacrificial altar of Ru.
 32773 | Snake:1  | Reached skill level 7 in Stealth
 32801 | Snake:1  | Reached skill level 9 in Unarmed Combat
 32957 | Snake:1  | XOM: confuse monster(s)
 32978 | Snake:1  | Identified the serpent talisman of the Great Game {rF+
                  | Int+2 Dex+6}
 32978 | Snake:1  | Noticed Aizul
 32983 | Snake:1  | XOM: summons friendly ufetubus
 32987 | Snake:1  | Killed Aizul
 33138 | Snake:1  | XOM: confuse monster(s)
 33243 | Snake:1  | XOM: fog
 33356 | Snake:1  | XOM: scenery: create altars
 33419 | Snake:2  | Identified the +3 morningstar "Osauph" {heavy, rN++ Int+2
                  | Stlth-}
 33486 | Snake:2  | XOM: destruction
 33544 | Snake:2  | Reached skill level 11 in Fighting
 33549 | Snake:2  | XOM: enchant monster (good)
 33550 | Snake:2  | XOM: cleaving
 33592 | Snake:2  | Reached skill level 8 in Stealth
 33611 | Snake:2  | Found Doeth's Antique Weapon Shop.
 33678 | Snake:2  | Noticed a nagaraja
 33684 | Snake:2  | Killed a nagaraja
 33730 | Snake:2  | Noticed Roxanne
 33752 | Snake:2  | XOM: swap monsters
 33754 | Snake:2  | Killed Roxanne
 33780 | Snake:2  | Found Voetanun's Armour Emporium.
 33780 | Snake:2  | XOM: chaos upgrade
 33781 | Snake:2  | XOM: summons 2 hostile shadow creatures
 33870 | Snake:1  | XOM: summons 8 hostile demons
 33988 | Snake:2  | XOM: blink monster(s)
 33989 | Snake:2  | XOM: potion effect (invisibility)
 33990 | Snake:1  | XOM: polymorph anaconda -> water nymph
 34035 | Snake:2  | Reached XP level 16. HP: 75/75 MP: 26/29
 34104 | Snake:2  | XOM: god gift: scroll labelled BIUBRYLLEHU {god gift}
 34449 | Snake:2  | Found Oskixak's Book Shoppe.
 34584 | Snake:2  | Reached skill level 10 in Unarmed Combat
 34661 | Snake:3  | Reached skill level 1 in Translocations
 34793 | Snake:3  | XOM: potion effect (haste)
 34794 | Snake:3  | Reached skill level 2 in Translocations
 34794 | Snake:3  | XOM: chaos upgrade
 34796 | Snake:3  | XOM: noise
 34823 | Snake:3  | Reached skill level 3 in Translocations
 34828 | Snake:3  | XOM: confuse monster(s)
 34862 | Snake:3  | XOM: chaos upgrade
 34890 | Snake:3  | XOM: draining
 34906 | Snake:3  | Reached skill level 4 in Translocations
 35048 | Snake:3  | XOM: silly message
 35120 | Snake:3  | Reached skill level 12 in Fighting
 35211 | Snake:4  | Entered Level 4 of the Snake Pit
 35287 | Snake:4  | XOM: 1-stop teleportation journey
 35301 | Snake:4  | XOM: fake destruction
 35304 | Snake:4  | XOM: 2-stop teleportation journey
 35318 | Snake:4  | Reached skill level 5 in Translocations
 35369 | Snake:4  | XOM: confuse monster(s)
 35385 | Snake:4  | Reached skill level 6 in Translocations
 35404 | Snake:4  | XOM: cast spell 'Olgreb's Toxic Radiance'
 35488 | Snake:4  | Found a one-way gate to the infinite horrors of the Abyss.
 35488 | Snake:4  | Noticed Enothyex's ghost (adept OpSh)
 35489 | Snake:4  | Found a transporter.
 35494 | Snake:4  | Found a transporter.
 35568 | Snake:4  | Reached skill level 11 in Unarmed Combat
 35673 | Snake:4  | XOM: enchant monster (bad)
 35689 | Snake:4  | XOM: silly message
 35721 | Snake:4  | Noticed a tentacled monstrosity
 35738 | Snake:4  | XOM: potion effect (invisibility)
 35741 | Snake:4  | Reached skill level 7 in Translocations
 35759 | Snake:4  | XOM: chaos upgrade
 35965 | Snake:4  | XOM: polymorph guardian serpent -> shapeshifter
 36013 | Snake:4  | Reached skill level 8 in Translocations
 36044 | Snake:4  | XOM: confuse monster(s)
 36075 | Snake:4  | XOM: confuse monster(s)
 36125 | Snake:4  | Reached skill level 13 in Fighting
 36185 | Snake:4  | Got a serpentine rune of Zot
 36217 | Snake:4  | Reached skill level 9 in Translocations
 36413 | Shoals:1 | Entered Level 1 of the Shoals
 36430 | Shoals:1 | Found a runed translucent gate.
 36430 | Shoals:1 | Found a runed translucent gate.
 36430 | Shoals:1 | Found a runed translucent gate.
 36485 | Shoals:1 | Found Rocvep's Antique Armour Emporium.
 36493 | Shoals:1 | XOM: summons friendly shadow imp
 36864 | Shoals:1 | XOM: 1-stop teleportation journey
 37014 | Shoals:2 | XOM: enchant monster (bad)
 37052 | Shoals:2 | Reached XP level 17. HP: 76/82 MP: 30/30
 37065 | Shoals:2 | Reached skill level 12 in Unarmed Combat
 37089 | Shoals:2 | XOM: cast spell 'Summon Ice Beast'
 37139 | Shoals:2 | Reached skill level 10 in Translocations
 37255 | Shoals:2 | Noticed Donald
 37258 | Shoals:2 | Noticed a kraken
 37260 | Shoals:2 | Killed Donald
 37262 | Shoals:2 | XOM: confuse monster(s)
 37316 | Shoals:2 | Killed a kraken
 37362 | Shoals:2 | XOM: 1-stop teleportation journey
 37500 | Shoals:2 | Found a hide-covered altar of Uskayaw.
 37625 | Shoals:2 | Reached skill level 11 in Translocations
 37626 | Shoals:2 | Noticed a kraken
 37635 | Shoals:2 | Killed a kraken
 38058 | Shoals:3 | Noticed Bai Suzhen
 38058 | Shoals:3 | XOM: cast spell 'Monstrous Menagerie'
 38065 | Shoals:3 | XOM: butterfly on damage
 38074 | Shoals:3 | Killed Bai Suzhen
 38075 | Shoals:3 | Reached skill level 14 in Fighting
 38076 | Shoals:3 | XOM: polymorph snapping turtle -> radroach
 38078 | Shoals:3 | XOM: polymorph radroach -> great orb of eyes
 38256 | Shoals:3 | Noticed a kraken
 38266 | Shoals:3 | Killed a kraken
 38413 | Shoals:3 | Noticed Ilsuiw
 38436 | Shoals:3 | XOM: give mutations
 38436 | Shoals:3 | Lost mutation: Your flesh is heat resistant. (rF+) [Xom's
                  | mischief]
 38436 | Shoals:3 | Lost mutation: You passively dampen the noise of your
                  | surroundings. [Xom's mischief]
 38436 | Shoals:3 | Lost mutation: You expend magic power (3 MP) to strengthen
                  | your wands. [Xom's mischief]
 38436 | Shoals:3 | Lost mutation: You are somewhat resistant to both further
                  | mutation and mutation removal. [Xom's mischief]
 38441 | Shoals:3 | Killed Ilsuiw
 38537 | Shoals:3 | Found Ytas's Self-Improvement Boutique.
 38538 | Shoals:3 | Reached skill level 12 in Translocations
 38565 | Shoals:3 | XOM: polymorph sea snake -> faun
 38762 | Shoals:3 | Identified a scroll of acquirement
 38763 | Shoals:3 | Acquired 728 gold pieces
 38818 | Shoals:3 | Bought a manual of Transmutations for 1200 gold pieces
 38825 | Shoals:4 | Entered Level 4 of the Shoals
 38864 | Shoals:4 | XOM: 1-stop teleportation journey
 38867 | Shoals:4 | XOM: 1-stop teleportation journey
 38877 | Shoals:4 | Reached skill level 13 in Unarmed Combat
 38885 | Shoals:4 | XOM: smoke on damage
 39044 | Shoals:4 | XOM: noise
 39125 | Shoals:4 | XOM: enchant monster (good)
 39127 | Shoals:4 | Reached skill level 9 in Stealth
 39169 | Shoals:4 | Got a barnacled rune of Zot
 39271 | Shoals:4 | XOM: fake destruction
 39303 | Shoals:4 | Reached skill level 13 in Translocations
 39450 | Shoals:4 | Found a runed translucent door.
 39451 | Shoals:4 | Noticed AdnanSaban's ghost (adept GrFi)
 39458 | Shoals:4 | XOM: enchant monster (good)
 39460 | Shoals:4 | XOM: potion effect (haste)
 39471 | Shoals:4 | Killed AdnanSaban's ghost
 39481 | Shoals:4 | XOM: silly message
 39629 | Shoals:4 | Reached XP level 18. HP: 88/88 MP: 31/31
 39667 | Shoals:4 | Reached skill level 10 in Stealth
 39771 | Shoals:4 | XOM: divination: detect items
 39807 | Shoals:4 | XOM: silly message
 39828 | Shoals:4 | XOM: potion effect (berserk rage)
 39836 | Shoals:4 | XOM: silly message
 39866 | Shoals:4 | XOM: silly message
 40072 | Lair:3   | XOM: divination: detect creatures
 40258 | Elf:1    | Entered Level 1 of the Elven Halls
 40263 | Elf:1    | XOM: potion effect (might)
 40266 | Elf:1    | XOM: potion effect (attraction)
 40271 | Elf:1    | Killed from afar by a deep elf knight
 40367 | Elf:1    | XOM: silly message
 40405 | Elf:1    | XOM: enchant monster (bad)
 40429 | Elf:1    | XOM: blink monster(s)
 40499 | Elf:1    | Found Tenasio's Mass Market.
 40549 | Elf:1    | Noticed Nikola
 40650 | Elf:1    | You fall into a shaft and drop 1 floor!
 40698 | Elf:2    | XOM: summons friendly ufetubus
 40703 | Elf:2    | Reached skill level 14 in Translocations
 40707 | Elf:2    | XOM: enchant monster (bad)
 40710 | Elf:2    | Reached skill level 11 in Stealth
 40838 | Elf:1    | Found a runed translucent door.
 40839 | Elf:1    | Found a shimmering altar of Xom.
 40839 | Elf:1    | Noticed dranitski's ghost (adept MiBe)
 40840 | Elf:1    | Identified the +3 battleaxe "Koulaof" {chaos, rC+++ Int-3
                  | Dex+7}
 40850 | Elf:1    | XOM: 4-stop teleportation journey
 40860 | Elf:1    | XOM: summons 10 hostile demons
 41007 | Elf:1    | Got the Discourse on Trauma and Beckoning
 41065 | Elf:1    | Reached skill level 14 in Unarmed Combat
 41065 | Elf:1    | Reached skill level 6 in Evocations
 41072 | Elf:1    | Killed Nikola
 41259 | Elf:1    | Learned a level 5 spell: Silence
 41332 | Elf:2    | XOM: swap monsters
 41336 | Elf:2    | XOM: cast spell 'Call Canine Familiar'
 41363 | Elf:2    | XOM: divination: detect items
 41693 | Elf:2    | Found a runed translucent gate.
 41693 | Elf:2    | Found a runed translucent gate.
 41693 | Elf:2    | Found a runed translucent gate.
 41706 | Elf:2    | XOM: noise
 41761 | Elf:3    | Entered Level 3 of the Elven Halls
 41785 | Elf:3    | Reached skill level 12 in Stealth
 41801 | Elf:3    | XOM: cast spell 'Alistair's Intoxication'
 41804 | Elf:3    | Reached skill level 7 in Evocations
 42031 | D:11     | XOM: silly message
 42122 | Vaults:1 | Entered Level 1 of the Vaults
 42129 | Vaults:1 | XOM: enchant monster (bad)
 42305 | Vaults:1 | XOM: cast spell 'Summon Ice Beast'
 42306 | Vaults:1 | XOM: noise
 42325 | Vaults:1 | XOM: silly message
 42364 | Vaults:1 | Reached skill level 8 in Evocations
 42367 | Vaults:1 | Reached skill level 13 in Stealth
 42434 | Vaults:1 | Noticed Norris
 42443 | Vaults:1 | Killed Norris
 42479 | Vaults:1 | Identified the +1 ring mail of the Devil's Advocate {rF+
                  | Regen+}
 42565 | Vaults:1 | XOM: divination: detect creatures
 42574 | Vaults:1 | XOM: noise
 42648 | Vaults:1 | XOM: noise
 42708 | Vaults:1 | Reached XP level 19. HP: 92/92 MP: 27/32
 42755 | Vaults:1 | Reached skill level 9 in Evocations
 42756 | Vaults:1 | Slain by a vault warden
 42846 | Vaults:1 | Reached skill level 14 in Stealth
 43416 | Vaults:2 | Reached skill level 10 in Evocations
 43449 | Vaults:2 | XOM: give mutations
 43449 | Vaults:2 | Lost mutation: Your flesh is cold resistant. (rC+) [Xom's
                  | mischief]
 43449 | Vaults:2 | Lost mutation: You are mostly covered in iridescent scales.
                  | (AC +4) [Xom's mischief]
 43544 | Vaults:2 | XOM: give mutations
 43544 | Vaults:2 | Gained mutation: You expend magic power (3 MP) to
                  | strengthen your wands. [Xom's grace]
 43544 | Vaults:2 | Gained mutation: You are mostly covered in iridescent
                  | scales. (AC +4) [Xom's grace]
 43544 | Vaults:2 | Gained mutation: A frigid envelope surrounds you and
                  | freezes all who hurt you. [Xom's grace]
 43580 | Vaults:2 | Reached skill level 11 in Evocations
 43735 | Vaults:2 | XOM: cleaving
 43772 | Vaults:2 | Reached skill level 12 in Evocations
 43898 | Vaults:2 | XOM: potion effect (experience)
 43898 | Vaults:2 | Reached skill level 13 in Evocations
 43898 | Vaults:2 | Reached XP level 20. HP: 83/96 MP: 29/33
 44090 | Vaults:2 | XOM: cleaving
 44093 | Vaults:2 | Reached skill level 14 in Evocations
 44101 | Vaults:2 | XOM: blink monster(s)
 44191 | Vaults:2 | XOM: 3-stop teleportation journey
 44323 | Vaults:2 | XOM: give mutation
 44323 | Vaults:2 | Lost mutation: Your spells are a little harder to cast, but
                  | a little more powerful. [Xom's mischief]
 44329 | Vaults:2 | Found Qyfued's Jewellery Emporium.
 44441 | Vaults:2 | XOM: chaos cloud
 44575 | Vaults:3 | XOM: noise
 44582 | Vaults:3 | You fall into a shaft and drop 1 floor!
 44715 | Vaults:4 | XOM: 9-stop teleportation journey
 44720 | Vaults:4 | XOM: cloud trail
 44830 | Vaults:4 | Reached skill level 9 in Spellcasting
 44831 | Vaults:4 | XOM: summons 4 friendly demons
 44853 | Vaults:4 | XOM: divine lightning
 44867 | Vaults:4 | XOM: smoke on damage
 44868 | Vaults:4 | XOM: confuse monster(s)
 44872 | Vaults:4 | XOM: enchant monster (bad)
 45102 | Vaults:4 | XOM: silly message
 45104 | Vaults:4 | Reached skill level 10 in Spellcasting
 45260 | Vaults:4 | XOM: 1-stop teleportation journey
 45348 | Vaults:4 | XOM: blink monster(s)
 45352 | Vaults:4 | XOM: enchant monster (good)
 45361 | Vaults:4 | Reached XP level 21. HP: 100/100 MP: 32/36
 45438 | Vaults:4 | XOM: summons 3 hostile demons
 45476 | Vaults:4 | XOM: summons 3 friendly demons
 45533 | Vaults:4 | Reached skill level 11 in Spellcasting
 45729 | Vaults:4 | XOM: stat loss: -1 Int (11/12)
 45730 | Vaults:4 | XOM: swap monsters
 45744 | Vaults:4 | XOM: smoke on damage
 45770 | Vaults:4 | XOM: silly message
 45796 | Vaults:4 | XOM: give mutations
 45796 | Vaults:4 | Lost mutation: You are somewhat resistant to further
                  | mutation. [Xom's mischief]
 45796 | Vaults:4 | Lost mutation: Your natural rate of healing is unusually
                  | fast. [Xom's mischief]
 45796 | Vaults:4 | Gained mutation: You are frail. (-10% HP) [Xom's mischief]
 45796 | Vaults:4 | Lost mutation: You are frail. (-10% HP) [Xom's mischief]
 46064 | Vaults:4 | XOM: cloud trail
 46143 | Vaults:3 | XOM: 3-stop teleportation journey
 46155 | Vaults:3 | XOM: 1-stop teleportation journey
 46156 | Vaults:3 | Reached skill level 12 in Spellcasting
 46218 | Vaults:3 | Found Jebb's Antique Weapon Boutique.
 46260 | Vaults:3 | Found Zuuluenk's Assorted Antiques.
 46481 | Vaults:3 | Found Vier's Antique Weapon Emporium.
 46568 | Vaults:3 | XOM is BORED!
 46575 | Vaults:3 | XOM: potion effect (might)
 46610 | Vaults:3 | Found Vifuefun's Armour Shop.
 46682 | Vaults:3 | XOM: confuse monster(s)
 46688 | Vaults:3 | XOM: divination: detect items
 46697 | Vaults:3 | Found a staircase to the Crypt.
 46698 | Vaults:3 | XOM: potion effect (attraction)
 46709 | Vaults:3 | XOM: silly message
 46806 | Vaults:3 | XOM: divination: detect creatures
 47016 | Vaults:3 | Reached skill level 13 in Spellcasting
 47074 | Vaults:3 | Found Ommatt's Distillery.
 47082 | Vaults:3 | Bought a potion of curing for 42 gold pieces
 47082 | Vaults:3 | Bought a potion of invisibility for 112 gold pieces
 47082 | Vaults:3 | Bought a potion of resistance for 140 gold pieces
 47082 | Vaults:3 | Bought a potion of brilliance for 56 gold pieces
 47082 | Vaults:3 | Bought a potion of berserk rage for 70 gold pieces
 47082 | Vaults:3 | Bought 2 potions of curing for 84 gold pieces
 47082 | Vaults:3 | Bought a potion of ambrosia for 112 gold pieces
 47266 | Vaults:3 | XOM: give mutations
 47266 | Vaults:3 | Lost mutation: You are mostly covered in iridescent scales.
                  | (AC +4) [Xom's mischief]
 47266 | Vaults:3 | Gained mutation: You are robust. (+10% HP) [Xom's mischief]
 47266 | Vaults:3 | Gained mutation: You are vulnerable to cold. (rC-) [Xom's
                  | mischief]
 47266 | Vaults:3 | Lost mutation: A frigid envelope surrounds you and freezes
                  | all who hurt you. [Xom's mischief]
 47439 | Vaults:2 | Bought a ring of protection from cold for 425 gold pieces
 47621 | D:11     | XOM: give mutation
 47621 | D:11     | Lost mutation: You are highly strong-willed. (Will++)
                  | [Xom's mischief]
 47629 | D:11     | XOM: silly message
 47770 | Elf:3    | Noticed Zenata
 47879 | Elf:3    | Reached skill level 3 in Transmutations
 47887 | Elf:3    | Reached skill level 4 in Transmutations
 47900 | Elf:3    | XOM: silly message
 47903 | Elf:3    | Reached skill level 5 in Transmutations
 47924 | Elf:3    | Reached skill level 6 in Transmutations
 48235 | Elf:3    | XOM: chaos upgrade
 48242 | Elf:3    | Reached skill level 7 in Transmutations
 48257 | Elf:3    | Reached skill level 8 in Transmutations
 48262 | Elf:3    | Noticed a caustic shrike
 48263 | Elf:3    | a caustic shrike changed into a golden dragon
 48263 | Elf:3    | Noticed a golden dragon (glowing shapeshifter)
 48266 | Elf:3    | a golden dragon changed into an iron giant
 48270 | Elf:3    | an iron dragon changed into a caustic shrike
 48270 | Elf:3    | Noticed a caustic shrike (glowing shapeshifter)
 48275 | Elf:3    | a caustic shrike changed into an iron giant
 48552 | Elf:3    | Reached skill level 9 in Transmutations
 48574 | Elf:3    | Noticed Saint Roka
 48595 | Elf:3    | Killed Saint Roka
 48656 | Elf:3    | Killed Zenata
 48758 | Elf:3    | Got the Quarto of Allied Vicissitude
 48832 | Elf:3    | Reached skill level 10 in Transmutations
 48891 | Elf:3    | Identified the +8 spear "Unoe" {flame, rPois rF+}
 48898 | Elf:3    | Identified the ring of Incredulity {Fly Str+6}
 48981 | Elf:3    | Reached skill level 14 in Spellcasting
 49209 | Elf:3    | Reached skill level 11 in Transmutations
 49214 | Elf:3    | Identified the staff of Embarrassment {rPois rF+ rC+ Int-5
                  | Fire}
 49303 | Elf:3    | Reached skill level 12 in Transmutations
 49381 | Elf:3    | Identified the +5 sling "Bogyliar" {freeze, Str+3 Stlth+}
 49468 | Elf:3    | Got the Directory of the Fuming Curse
 49622 | Elf:3    | Lost mutation: Your system is resistant to poisons. (rPois)
                  | [potion of mutation]
 49622 | Elf:3    | Lost mutation: You are partially covered in iridescent
                  | scales. (AC +2) [potion of mutation]
 49622 | Elf:3    | Lost mutation: You are strong-willed. (Will+) [potion of
                  | mutation]
 49623 | Elf:3    | Lost mutation: You are vulnerable to cold. (rC-) [potion of
                  | mutation]
 49623 | Elf:3    | Lost mutation: You possess an exceptional clarity of mind.
                  | [potion of mutation]
 49623 | Elf:3    | Gained mutation: You are partially covered in iridescent
                  | scales. (AC +2) [potion of mutation]
 49623 | Elf:3    | Gained mutation: You are somewhat resistant to further
                  | mutation. [potion of mutation]
 49837 | Depths:1 | Entered Level 1 of the Depths
 49846 | Depths:1 | Noticed Sojobo
 49850 | Depths:1 | Killed Sojobo
 49851 | Depths:1 | Reached XP level 22. HP: 114/114 MP: 41/41
 49882 | Depths:1 | Learned a level 2 spell: Wereblood
 49888 | Depths:1 | Learned a level 5 spell: Alistair's Intoxication
 49954 | Depths:1 | Reached skill level 5 in Conjurations
 49957 | Depths:1 | XOM: summons 2 hostile shadow creatures
 49987 | Depths:1 | Noticed Mara
 49992 | Depths:1 | Killed Mara
 50011 | Depths:1 | XOM: 1-stop teleportation journey
 50073 | Depths:1 | Found a glowing golden altar of the Shining One.
 50095 | Depths:1 | Found a one-way gateway to a ziggurat.
 50102 | Depths:1 | Identified the ring "Mido" {rN+ Dex+3 Stlth+}
 50387 | Depths:1 | Found a gateway to Hell.
 50420 | Depths:1 | XOM: summons friendly shadow imp
 50476 | Depths:1 | Noticed Ypaalobi's ghost (veteran DjFE)
 50495 | Depths:1 | Identified the +8 great mace of Terra Cotta {freeze, *Rage
                  | rElec rPois}
 50503 | Depths:1 | XOM: god gift: +4 scale mail of fire resistance
 50578 | Depths:1 | Reached skill level 6 in Conjurations
 50600 | Depths:1 | Found Cadmus's Dragon-Slaying Spoils.
 50680 | Depths:1 | Found a transporter.
 50681 | Depths:1 | Identified the amulet "Komutsoc" {Faith Will+ Slay+3}
 50685 | Depths:1 | Found a transporter.
 50746 | Depths:1 | XOM: give mutation
 50746 | Depths:1 | Gained mutation: Your spells are a little harder to cast,
                  | but a little more powerful. [Xom's grace]
 50911 | Depths:2 | XOM: butterfly on damage
 51042 | Depths:2 | Reached skill level 7 in Conjurations
 51107 | Depths:2 | Noticed a golden dragon
 51107 | Depths:2 | Noticed a golden dragon
 51119 | Depths:2 | Killed a golden dragon
 51124 | Depths:2 | Killed a golden dragon
 51211 | Depths:2 | Noticed a golden dragon
 51212 | Depths:2 | Noticed a golden dragon
 51212 | Depths:2 | XOM: polymorph spark wasp -> goliath frog
 51217 | Depths:2 | Killed a golden dragon
 51219 | Depths:2 | Killed a golden dragon
 51220 | Depths:2 | Reached skill level 8 in Conjurations
 51291 | Depths:2 | XOM: cloud trail
 51380 | Depths:2 | XOM: scenery: 1 doors open, 1 doors close
 51551 | Depths:2 | Reached skill level 9 in Conjurations
 51558 | Depths:2 | XOM: 2-stop teleportation journey
 51596 | Depths:2 | Found a one-way gate leading to the halls of Pandemonium.
 51608 | Depths:2 | XOM: give mutations
 51608 | Depths:2 | Gained mutation: You possess an exceptional clarity of
                  | mind. [Xom's grace]
 51608 | Depths:2 | Lost mutation: You are somewhat resistant to further
                  | mutation. [Xom's grace]
 51608 | Depths:2 | Gained mutation: You have hidden genetic potential. [Xom's
                  | grace]
 52230 | Depths:2 | Found Gupeh Poi's Antique Armour Shop.
 52230 | Depths:2 | Found Qigeosur's General Store.
 52242 | Depths:2 | Bought a potion of brilliance for 76 gold pieces
 52242 | Depths:2 | Bought a potion of magic for 152 gold pieces
 52595 | Depths:3 | Reached skill level 10 in Conjurations
 52878 | Depths:3 | XOM: scenery: 2 doors open, 1 doors close
 52900 | Depths:3 | XOM: torment (109/130 hp)
 53269 | Depths:3 | Reached skill level 11 in Conjurations
 53338 | Depths:3 | XOM: scenery: 1 doors close
 53348 | Depths:3 | Noticed a golden dragon
 53354 | Depths:3 | XOM: divination: detect creatures
 53356 | Depths:3 | Killed a golden dragon
 53357 | Depths:3 | XOM: divine lightning
 53359 | Depths:3 | XOM: cleaving
 53890 | Depths:4 | Entered Level 4 of the Depths
 53890 | Depths:4 | Noticed a juggernaut
 53894 | Depths:4 | XOM: butterfly on damage
 53897 | Depths:4 | Reached skill level 12 in Conjurations
 53940 | Depths:4 | XOM: polymorph hell beast -> hellion
 53950 | Depths:4 | XOM: swap monsters
 54105 | Depths:4 | XOM: swap monsters
 54131 | Depths:4 | Reached XP level 23. HP: 105/106 MP: 29/42
 54132 | Depths:4 | XOM: polymorph iron troll -> shadow dragon
 54148 | Depths:4 | Reached skill level 13 in Conjurations
 54355 | Depths:4 | XOM: summons 1 hostile shadow creature
 54373 | Depths:4 | XOM: swap monsters
 54373 | Depths:4 | Killed from afar by a frost giant
 54509 | Depths:4 | XOM: summons 2 hostile demons
 54514 | Depths:4 | XOM: chaos cloud
 54602 | Depths:4 | Killed a juggernaut
 54603 | Depths:4 | Reached skill level 14 in Conjurations
 54603 | Depths:4 | XOM: 1-stop teleportation journey
 54604 | Depths:4 | XOM: give mutations
 54604 | Depths:4 | Lost mutation: You have a pair of small horns on your head.
                  | [Xom's mischief]
 54604 | Depths:4 | Lost mutation: You expend magic power (3 MP) to strengthen
                  | your wands. [Xom's mischief]
 54604 | Depths:4 | Gained mutation: You are vulnerable to cold. (rC-) [Xom's
                  | mischief]
 54604 | Depths:4 | Lost mutation: You are partially covered in iridescent
                  | scales. (AC +2) [Xom's mischief]
 54796 | Depths:4 | XOM: give mutation
 54796 | Depths:4 | Lost mutation: You are vulnerable to cold. (rC-) [Xom's
                  | mischief]
 54854 | Depths:4 | XOM: 5-stop teleportation journey
 54871 | Depths:4 | XOM: silly message
 54886 | Depths:4 | XOM: give mutation
 54886 | Depths:4 | Lost mutation: Your muscles are very strong. (Str +8,
                  | Int/Dex -2) [Xom's mischief]
 55403 | Depths:4 | XOM: swap monsters
 55443 | Depths:4 | Found a gate to the Realm of Zot.
 55453 | Depths:4 | XOM: swap monsters
 55618 | Depths:4 | XOM: silly message
 55996 | Depths:4 | Learned a level 5 spell: Yara's Violent Unravelling
 56181 | Crypt:1  | Entered Level 1 of the Crypt
 56283 | Crypt:1  | Acquired the ring "Kumyxeun" {+Blink Fly rElec Int+6 Dex+2}
 56309 | Crypt:1  | Reached skill level 1 in Hexes
 56354 | Crypt:1  | XOM: swap monsters
 56388 | Crypt:1  | Gained mutation: You are agile. (Dex +4, Str/Int -1)
                  | [hidden potential]
 56501 | Crypt:1  | XOM: confuse monster(s)
 56525 | Crypt:1  | Reached skill level 2 in Hexes
 56730 | Crypt:1  | XOM: 3-stop teleportation journey
 56746 | Crypt:1  | Reached skill level 3 in Hexes
 56770 | Crypt:1  | Reached skill level 13 in Transmutations
 56779 | Crypt:1  | Reached skill level 4 in Hexes
 57159 | Crypt:1  | Reached skill level 5 in Hexes
 57160 | Crypt:1  | XOM: god gift: 54 gold pieces
 57184 | Crypt:1  | Got Syxka's Guide on Unhallowed Words
 57250 | Crypt:2  | XOM: stealth player
 57289 | Crypt:2  | XOM: scenery: 1 doors open
 57457 | Crypt:2  | Reached skill level 6 in Hexes
 57487 | Crypt:2  | Reached skill level 14 in Transmutations
 57549 | Crypt:2  | XOM: stat loss: -1 Int (11/12)
 57632 | Crypt:2  | Found an ancient bone altar of Kikubaaqudgha.
 57684 | Crypt:2  | XOM: swap monsters
 57708 | Crypt:2  | XOM: give mutations
 57708 | Crypt:2  | Lost mutation: Your muscles are strong. (Str +4, Int/Dex
                  | -1) [Xom's mischief]
 57708 | Crypt:2  | Gained mutation: You are dopey. (Int -2) [Xom's mischief]
 57708 | Crypt:2  | Lost mutation: You are dopey. (Int -2) [Xom's mischief]
 57806 | Crypt:2  | XOM: noise
 57817 | Crypt:2  | Reached skill level 7 in Hexes
 58124 | Crypt:3  | Entered Level 3 of the Crypt
 58165 | Crypt:2  | XOM: chaos cloud
 58171 | Crypt:2  | Reached skill level 8 in Hexes
 58271 | Crypt:2  | XOM: noise
 58292 | Crypt:3  | Noticed a curse toe
 58306 | Crypt:2  | Killed a curse toe
 58307 | Crypt:2  | Reached skill level 9 in Hexes
 58378 | Crypt:3  | XOM: summons 1 hostile demon
 58564 | Crypt:3  | XOM: noise
 58581 | Crypt:3  | Noticed a curse toe
 58592 | Crypt:3  | XOM: 1-stop teleportation journey
 58601 | Crypt:3  | Reached skill level 10 in Hexes
 58607 | Crypt:3  | XOM: summons 5 hostile demons
 58613 | Crypt:3  | XOM: chaos upgrade
 58673 | Crypt:3  | XOM: silly message
 58847 | Crypt:3  | Found a staircase to the Tomb.
 58896 | Crypt:3  | Reached skill level 11 in Hexes
 59053 | Crypt:3  | XOM: silly message
 59183 | Crypt:3  | Found the +7 mace of Variability {chaos, chaos arc}
 59220 | Crypt:3  | XOM: potion effect (brilliance)
 59232 | Crypt:3  | Killed a curse toe
 59370 | Crypt:3  | XOM: divination: detect items
 59393 | Crypt:3  | Reached skill level 12 in Hexes
 59424 | Crypt:3  | XOM: divination: magic mapping
 59434 | Crypt:3  | Reached XP level 24. HP: 123/123 MP: 36/42
 59450 | Crypt:3  | Identified the ring of Balance {Fly rElec Str+8 Stlth+}
 59456 | Crypt:3  | Identified the staff of the Hierophant {rPois rC+ Int-4
                  | SInv Stlth+ Poison}
 59621 | Crypt:1  | XOM: confuse monster(s)
 59821 | Vaults:5 | Entered Level 5 of the Vaults
 59862 | Vaults:5 | XOM: potion effect (brilliance)
 59897 | Vaults:5 | Reached skill level 13 in Hexes
 59913 | Vaults:5 | XOM: smoke on damage
 60137 | Vaults:5 | Reached skill level 5 in Ice Magic
 60302 | Vaults:5 | XOM: 7-stop teleportation journey
 60311 | Vaults:5 | Identified the +8 plate armour of the Iron City of Dis
                  | {rCorr Int+3 Dex+2}
 60320 | Vaults:5 | Noticed an ancient lich
 60320 | Vaults:5 | Identified the +4 leather armour of the Silversmith {Int+3}
 60336 | Vaults:5 | XOM: summons 2 friendly demons
 60351 | Vaults:5 | Killed an ancient lich
 60352 | Vaults:5 | Reached skill level 14 in Hexes
 60353 | Vaults:5 | Reached skill level 6 in Air Magic
 60381 | Vaults:5 | XOM: polymorph vault warden -> shapeshifter
 60415 | Vaults:5 | XOM: summons friendly crimson imp
 60420 | Vaults:5 | Xom revived you
 60424 | Vaults:5 | Mangled by a titan
 60480 | Vaults:5 | Reached skill level 6 in Ice Magic
 60588 | Vaults:5 | XOM: summons 6 friendly demons
 60627 | Vaults:5 | XOM: cast spell 'Alistair's Intoxication'
 60633 | Vaults:5 | Gained mutation: Your spells are harder to cast, but more
                  | powerful. [hidden potential]
 60633 | Vaults:5 | Lost mutation: You have hidden genetic potential. [hidden
                  | potential expressed]
 60642 | Vaults:5 | XOM: 1-stop teleportation journey
 60644 | Vaults:5 | Reached skill level 7 in Air Magic
 60791 | Vaults:5 | XOM: 3-stop teleportation journey
 60847 | Vaults:5 | Identified the +0 flail "Rixeki" {freeze, rPois rN+ Str-4
                  | Int+3}
 60876 | Vaults:5 | Reached skill level 7 in Ice Magic
 60921 | Vaults:5 | Identified the +9 rapier "Mixzug" {venom, *Corrode rElec
                  | rPois rC++}
 61085 | Vaults:5 | Reached skill level 8 in Air Magic
 61103 | Vaults:5 | XOM: noise
 61156 | Vaults:5 | XOM: swap monsters
 61158 | Vaults:5 | Reached skill level 8 in Ice Magic
 61221 | Vaults:5 | Identified the +3 scale mail "Keibrewn" {Will- rCorr Dex+3
                  | SInv Stlth+}
 61224 | Vaults:5 | Identified the +10 war axe of the Warrior {holy, Int+4
                  | Dex+3}
 61279 | Vaults:5 | XOM: stat loss: -1 Int (12/13)
 61413 | Vaults:5 | XOM: 1-stop teleportation journey
 61554 | Vaults:5 | XOM: give mutations
 61554 | Vaults:5 | Gained mutation: You occasionally lose the ability to read
                  | scrolls when taking damage. [Xom's mischief]
 61554 | Vaults:5 | Gained mutation: You occasionally lose the ability to drink
                  | potions when taking damage. [Xom's mischief]
 61554 | Vaults:5 | Gained mutation: You sometimes lose the ability to read
                  | scrolls when taking damage. [Xom's mischief]
 61582 | Vaults:5 | XOM: noise
 61642 | Vaults:5 | XOM: blink monster(s)
 61701 | Vaults:5 | Reached skill level 9 in Air Magic
 61836 | Vaults:5 | Found Ecront's General Store.
 61844 | Vaults:5 | Bought 2 potions of mutation for 304 gold pieces
 61996 | Vaults:5 | Reached skill level 9 in Ice Magic
 62043 | Vaults:5 | Got a silver rune of Zot
 62063 | Vaults:5 | XOM: silly message
 62601 | D:9      | XOM: polymorph purple ugly thing -> cyan ugly thing
 62668 | D:10     | XOM: scenery: create altars
 62669 | D:10     | XOM: cloud trail
 62772 | Slime:1  | Entered Level 1 of the Pits of Slime
 62919 | D:10     | XOM: give mutations
 62919 | D:10     | Gained mutation: You have a pair of small horns on your
                  | head. [Xom's grace]
 62919 | D:10     | Gained mutation: Your flesh is cold resistant. (rC+) [Xom's
                  | grace]
 63099 | Depths:4 | Learned a level 3 spell: Confusing Touch
 63103 | Depths:4 | Learned a level 3 spell: Ozocubu's Armour
 63124 | Zot:1    | Entered Level 1 of the Realm of Zot
 63234 | Zot:1    | XOM: cast spell 'Summon Horrible Things'
 63236 | Zot:1    | Reached skill level 10 in Air Magic
 63236 | Zot:1    | Reached XP level 25. HP: 58/123 MP: 20/42
 63288 | Depths:4 | XOM: scenery: 3 doors close
 63320 | Depths:4 | XOM: give mutation
 63320 | Depths:4 | Gained mutation: You passively map a small area around you.
                  | [Xom's grace]
 63656 | Zot:2    | Reached skill level 10 in Ice Magic
 63772 | Zot:2    | XOM: summons 4 hostile shadow creatures
 63781 | Zot:2    | HP: 5/119 [yellow draconian annihilator/iron shot[Xom]
                  | (55)]
 63782 | Zot:2    | Slain by a purple draconian
 63853 | Zot:2    | XOM: summons 3 hostile shadow creatures
 64266 | Zot:2    | XOM: 3-stop teleportation journey
 64415 | Zot:2    | Reached skill level 11 in Air Magic
 64836 | Zot:2    | XOM: give mutations
 64836 | Zot:2    | Lost mutation: You possess an exceptional clarity of mind.
                  | [Xom's mischief]
 64836 | Zot:2    | Lost mutation: You are robust. (+10% HP) [Xom's mischief]
 64836 | Zot:2    | Lost mutation: You passively map a small area around you.
                  | [Xom's mischief]
 64933 | Zot:2    | Reached skill level 11 in Ice Magic
 65197 | Zot:2    | XOM: draining
 65371 | Zot:2    | XOM: stat loss: -1 Str (9/10)
 65446 | Zot:2    | XOM: scenery: 1 doors close
 65648 | Zot:2    | XOM: give mutation
 65648 | Zot:2    | Gained mutation: Your mind is acute. (Int +4, Str/Dex -1)
                  | [Xom's grace]
 65769 | Zot:2    | Got Sif Muna's Catalogue of Hyperborean Translocation
 65916 | Zot:2    | XOM: silly message
 66288 | Zot:1    | Reached skill level 12 in Air Magic
 66511 | Zot:1    | Reached skill level 12 in Ice Magic
 66524 | Zot:1    | XOM: summons 1 hostile demon
 66697 | Zot:1    | XOM: summons 2 hostile demons
 66759 | Zot:1    | XOM: swap monsters
 66777 | Zot:1    | XOM: noise
 67484 | Zot:1    | XOM: give mutations
 67484 | Zot:1    | Lost mutation: You have a pair of small horns on your head.
                  | [Xom's mischief]
 67484 | Zot:1    | Gained mutation: You passively dampen the noise of your
                  | surroundings. [Xom's mischief]
 67589 | Zot:3    | Noticed a Killer Klown
 67689 | Zot:3    | XOM: polymorph green draconian -> emperor scorpion
 67723 | Zot:3    | Reached skill level 13 in Air Magic
 67777 | Zot:3    | XOM: give mutations
 67777 | Zot:3    | Lost mutation: You are agile. (Dex +4, Str/Int -1) [Xom's
                  | mischief]
 67777 | Zot:3    | Gained mutation: Your spells are much harder to cast, but
                  | much more powerful. [Xom's mischief]
 67808 | Zot:3    | XOM: summons 13 hostile demons
 67809 | Zot:3    | Killed a Killer Klown
 67835 | Zot:2    | XOM: give mutations
 67835 | Zot:2    | Gained mutation: You are partially covered in iridescent
                  | scales. (AC +2) [Xom's mischief]
 67835 | Zot:2    | Lost mutation: Your mind is acute. (Int +4, Str/Dex -1)
                  | [Xom's mischief]
 68114 | Zot:3    | Reached skill level 13 in Ice Magic
 68208 | Zot:3    | XOM: noise
 68242 | Zot:3    | XOM: silly message
 68462 | Zot:4    | XOM: give mutations
 68462 | Zot:4    | Gained mutation: You are agile. (Dex +4, Str/Int -1) [Xom's
                  | mischief]
 68462 | Zot:4    | Gained mutation: You expend magic power (3 MP) to
                  | strengthen your wands. [Xom's mischief]
 68462 | Zot:4    | Gained mutation: You are dopey. (Int -2) [Xom's mischief]
 68500 | Zot:4    | XOM: silly message
 68531 | Zot:4    | XOM: silly message
 68824 | Zot:4    | XOM: 3-stop teleportation journey
 68834 | Zot:4    | XOM: cleaving
 68838 | Zot:4    | Reached XP level 26. HP: 73/118 MP: 17/42
 69010 | Zot:5    | Entered Level 5 of the Realm of Zot
 69085 | Zot:5    | Reached skill level 14 in Air Magic
 69424 | Zot:5    | XOM: god gift: ring mail {god gift}
 69455 | Zot:5    | Noticed an orb of fire
 69455 | Zot:5    | Noticed a dread lich
 69458 | Zot:5    | Got the Orb of Zot
 69490 | Zot:4    | XOM: destruction
 69506 | Zot:4    | Reached skill level 14 in Ice Magic
 69520 | Zot:4    | XOM: cast spell 'Summon Dragon'
 69528 | Zot:4    | XOM: enchant monster (good)
 69544 | Zot:3    | Noticed Biomneuso the pandemonium lord
 69645 | Zot:2    | Noticed Raiclo the pandemonium lord
 69655 | Zot:2    | Killed Raiclo the pandemonium lord
 69798 | Depths:2 | XOM: summons 2 friendly demons
 69829 | D:15     | XOM: cloud trail
 69936 | D:9      | XOM: god gift: wand of roots (6)
 70149 | D:$      | Escaped with the Orb!

Illustrated notes

Levels and vault maps discovered:
D:1:      eino_arrival_tree_alley, layout_basic
D:2:      layout_basic, chequers_ecumenical_altar_simple_redux,
          kennysheep_path_1
D:3:      layout_rooms, kiku_gazebo_garden_becter, gammafunk_ghost_split,
          lightli_sewer_entry_pipes, nicolae_twisty_statue_hallways
D:4:      layout_basic, mainiacjoe_overflow_large_starburst, marbit_many_paths,
          serial_shops, shop, minmay_close_crescents
D:5:      layout_rooms, mainiacjoe_overflow_boulevard,
          mainiacjoe_overflow_divided_tiny, uniq_pikel
D:6:      layout_loops_cross, minmay_temple_entry_water_ring, serial_shops,
          nicolae_shop_waterfront, nicolae_shop_peninsula,
          nicolae_shop_tiny_real_fake_doors, nicolae_shop_tiny_waterfront,
          shop_scrolls
D:7:      layout_gridville, lemuel_crystal_altar, grunt_decor_one_mirror,
          uniq_maggie, uniq_duvessa, uniq_joseph
D:8:      layout_cave_pools, enter_bailey_3, uniq_grum, uniq_maurice,
          uniq_amaemon
D:9:      layout_roguey, fedhas_altar_2, minmay_radiant
D:10:     layout_irregular_city, mainiacjoe_overflow_concentric_impassable,
          slow_altar_1, erik_lair_orcish_takeover, minmay_bent
D:11:     layout_cave_pods, orc_0_dummy, serial_library_hellmonk_big_corner
D:12:     layout_cave_pools, enter_trove_6
D:13:     layout_big_octagon, serial_shops, shop_fountains
D:14:     layout_rooms, hellmonk_vaults_attempted_burglary, chequers_jeans,
          minivault_16, uniq_kirke
D:15:     hangedman_depths_entry_try_elsewhere_first, layout_cave_pools,
          zin_angel, ebering_ghost_gozag, special_room [special_room_bee],
          minmay_crystal_room, chequers_serial_rivers_room_a,
          chequers_big_river, st_stairs_3
Lair:1:   layout_gridlike, grunt_megastairs_5
Lair:2:   layout_layer_cave, minmay_snake_entry_guardpost_medium,
          minmay_hedge_maze, lemuel_fruit_fields, uniq_erica
Lair:3:   layout_long_grid, mainiacjoe_shoals_entry_four_pools,
          nicolae_quartered_pool_medium, beast_lair_carwin_5,
          serial_bayou_shore_a
Lair:4:   layout_loops_ring, portal_ice_cave_rime, gauntlet_entry_generic,
          uniq_rupert
Lair:5:   minmay_lair_end_frog_pond, layout_loops_ring, slime_entry_1
Shoals:1: layout_shoals, serial_shops, shop, nicolae_shoals_beach_cooler
Shoals:2: layout_shoals, regret_index_shoals_crete, uniq_donald
Shoals:3: layout_shoals, nicolae_shop_self_help, uniq_ilsuiw, uniq_bai_suzhen
Shoals:4: shoals_end_grunt_ice, layout_shoals, gammafunk_ghost_grave,
          hangedman_shoals_cup_caves
Snake:1:  layout_grid_shapes, basic_altar, uniq_aizul
Snake:2:  layout_grid_maze, serial_shops, shop, shop, shop, grunt_megastairs_3,
          uniq_roxanne
Snake:3:  layout_misc_corridors
Snake:4:  johnstein_snake_rune_scales, layout_onion,
          gammafunk_ghost_abyssal_escape, nicolae_snake_snakes_in_the_grass
Slime:1:  cheibrodos_slime_lost_civilization_9, layout_caves
Orc:1:    layout_caves, serial_shops, nicolae_shop_statue_plus, uniq_urug,
          uniq_harold, uniq_snorg
Orc:2:    grunt_orc_tribal_feast, layout_diamond_mine, basic_altar
Elf:1:    eino_elf_arrival_sip, layout_gridlike, ebering_ghost_xom,
          minmay_elf_sorcery, minmay_shop_mass, uniq_nikola
Elf:2:    nicolae_elf_blades_splatter_lattice
          [nicolae_blade_entry_sentries_behind_glass], layout_rooms
Elf:3:    minmay_elf_hall_not_hex, layout_loops_cross, special_room
          [special_room_mythical_zoo], kilobyte_rumbling_trees,
          grunt_megastairs_2, uniq_saint_roka, uniq_zenata
Vaults:1: vaults_dpeg_encased_lava, nicolae_vaults_storage_closets_1,
          nicolae_vaults_surprise_closet, v_misc_14, st_more_cells,
          nicolae_vaults_heart-shaped_vault, vaults_mumra_chevron, v_misc_3,
          nicolae_vaults_network_quinsquares
          [nicolae_vaults_network_quincunx_subvault,
          nicolae_vaults_network_quincunx_subvault,
          nicolae_vaults_network_quincunx_subvault,
          nicolae_vaults_network_quincunx_subvault], grunt_vaults_funnel,
          v_misc_14, nicolae_vaults_storage_room_glass,
          nicolae_vaults_ring_of_whatevers, layout_vaults_big_room, uniq_norris
Vaults:2: nicolae_vaults_quadrants, vaults_standard_mumra_lines,
          nicolae_vaults_bisected_slash, nicolae_vaults_cochlea,
          ontoclasm_vaults_ring_large, nicolae_vaults_ring_of_whatevers,
          vaults_mumra_hex, nicolae_vaults_sightless_eye,
          ontoclasm_vaults_hangar, nicolae_vaults_yaktaur_gun_rack,
          nicolae_vaults_trapezoid_3, nicolae_vaults_angled_halls,
          layout_vaults_omnibox, serial_shops, nicolae_shop_window_shopping,
          uniq_margery
Vaults:3: nicolae_vaults_closet_pinwheel_3, v_misc_24,
          minmay_crypt_entry_vampire_xt, vaults_dpeg_hooks,
          nicolae_vaults_crenellated_ambush, vaults_room_fours,
          nicolae_vaults_apartment_1, v_pattern_1, vaults_dpeg_doors,
          ontoclasm_vaults_shuriken, nicolae_vaults_mini_display_case,
          layout_vaults_ring, serial_shops, shop, shop, shop,
          nicolae_shop_tiny_real_fake_doors, shop_fountains
Vaults:4: nicolae_vaults_turnstiles, nicolae_vaults_closet_pinwheel_2,
          nicolae_vaults_wine_cellar, nicolae_vaults_steering_wheel, v_misc_9,
          v_rooms_2, nicolae_vaults_big_angled_halls, layout_vaults_omnigrid
Vaults:5
Crypt:1:  layout_gridlike, mu_enter_wizlab_7, special_room [special_room_morgue]
Crypt:2:  layout_gridlike, lemuel_statue_altar, minivault_4
Crypt:3:  david_glass_crypt, layout_rooms
Depths:1: layout_gridlike, enter_ziggurat_f, hex_tiny, hell_entry,
          gammafunk_ghost_smash, hangedman_abyss_or_decor_stagger,
          nicolae_shop_dragon_depot, nicolae_tso_carved_into_rock, uniq_sojobo,
          uniq_mara
Depths:2: nicolae_aperiodic_l_corner, layout_twisted_cross, minmay_door_square,
          hangedman_coc_ice_floe, rand_demon_pan_entry_3,
          minmay_staircase_bubble, serial_bayou_shore_b, serial_bayou_shore_b,
          minmay_shoptagon
Depths:3: nzn_winding_woodlands_medium [nzn_winding_woodlands_5x5_default,
          nzn_winding_woodlands_5x15_longhouse,
          nzn_winding_woodlands_5x5_checkerboard,
          nzn_winding_woodlands_5x5_cross,
          nzn_winding_woodlands_center_pierced_h,
          nzn_winding_woodlands_5x5_open_star, nzn_winding_woodlands_hourglass,
          nzn_winding_woodlands_5x15_twine,
          nzn_winding_woodlands_5x5_perimeter], layout_honeycomb, hell_entry,
          grunt_pan_entry_in_and_out, grunt_decor_fettered,
          abyss_entry_glasseish
Depths:4: grunt_zot_entry_tricorne, layout_cave_shapes, abyss_entry,
          grunt_mini_vestibule, serial_bayou_pond_c,
          amcnicky_mini_rare_corridor_liquid, grunt_ministairs_13
Zot:1:    kennysheep_ambush_hall, layout_twisted_circle,
          regret_index_zotdec_icy_dp, zot_minivault_7
Zot:2:    bobbens_index_wilting_gardens, layout_gridlike, skrybe_zot_glass_1
Zot:3:    layout_gridville, uniq_grunn
Zot:4:    layout_gridville
Zot:5:    layout_basic

Skill      XL: |  1  2  3  4  5  6  7  8  9 10 11 12 13 14 15 16 17 18 19 20 21 22 23 24 25 26 |
---------------+-------------------------------------------------------------------------------+-----
Stealth        | 2 3 4 8 9 13 14 | 14.9
Dodging        | 4 5 6 9 10 13 14 | 14.9
Unarmed Combat | 4 5 7 8 9 11 13 14 | 14.9
Air Magic      | 1 4 5 10 13 14 | 14.5
Poison Magic   | 1 3 5 7 10 | 10.2
Fighting       | 4 5 7 9 10 11 13 14 | 14.9
Spellcasting   | 1 4 5 8 10 14 | 14.9
Conjurations   | 1 4 12 14 | 14.9
Evocations     | 1 5 8 13 14 | 14.9
Shapeshifting  | 2 4 7 13 14 | 14.9
Transmutations | 2 12 14 | 14.9
Fire Magic     | 2 |  2.0
Ice Magic      | 3 4 9 13 14 | 14.4
Translocations | 9 13 14 | 14.8
Hexes          | 12 14 | 14.9

Action                     |  1- 3 |  4- 6 |  7- 9 | 10-12 | 13-15 | 16-18 | 19-21 | 22-24 | 25-27 || total
---------------------------+-------+-------+-------+-------+-------+-------+-------+-------+-------++-------
  Melee: Unarmed           |   105 |   124 |   217 |   287 |   465 |   969 |   826 |  1649 |   736 ||  5378
         Punch             |     3 |     9 |    10 |    16 |    29 |    96 |    90 |   281 |   133 ||   667
         Bite              |     3 |    13 |    29 |    42 |    80 |   123 |   126 |   381 |   161 ||   958
         Headbutt          |       |       |    15 |    80 |    57 |   251 |   241 |   155 |   180 ||   979
         Tailslap          |       |       |       |       |    50 |       |       |       |       ||    50
   Cast: Poisonous Vapours |       |    10 |   101 |   104 |    38 |     3 |       |       |    12 ||   268
         Olgreb's Toxic Ra |       |       |       |    53 |   169 |    67 |     1 |     1 |     5 ||   296
         Apportation       |       |       |       |     9 |     5 |     7 |       |       |     3 ||    24
         Ignite Poison     |       |       |       |    32 |   104 |    31 |     1 |       |     2 ||   170
         Mephitic Cloud    |       |       |       |    14 |    15 |       |       |       |       ||    29
         Blink             |       |       |       |       |     1 |     2 |     1 |     1 |     2 ||     7
         Lesser Beckoning  |       |       |       |       |     1 |       |       |     1 |     3 ||     5
         Vhi's Electric Ch |       |       |       |       |       |    37 |    63 |   106 |    40 ||   246
         Alistair's Intoxi |       |       |       |       |       |       |       |    16 |     3 ||    19
         Wereblood         |       |       |       |       |       |       |       |     2 |     3 ||     5
         Passwall          |       |       |       |       |       |       |       |     1 |     6 ||     7
         Silence           |       |       |       |       |       |       |       |     8 |       ||     8
         Yara's Violent Un |       |       |       |       |       |       |       |     4 |       ||     4
         Confusing Touch   |       |       |       |       |       |       |       |       |    24 ||    24
         Ozocubu's Armour  |       |       |       |       |       |       |       |       |    17 ||    17
Ability: Breathe Fire      |       |       |       |       |    34 |       |       |       |       ||    34
         Evoke Invisibilit |       |       |       |       |       |       |    10 |     2 |     7 ||    19
         Begin Untransform |       |       |       |       |       |       |       |       |     1 ||     1
  Evoke: Wand              |       |       |       |    14 |     5 |    13 |     2 |    26 |    27 ||    87
         Phantom mirror    |       |       |       |       |     2 |     1 |       |     3 |       ||     6
         Lightning rod     |       |       |       |       |     4 |     3 |       |       |       ||     7
         Sack of spiders   |       |       |       |       |     1 |     1 |     2 |     4 |     1 ||     9
         Tin of tremorston |       |       |       |       |       |     2 |       |     7 |       ||     9
         Box of beasts     |       |       |       |       |       |       |       |     3 |     1 ||     4
    Use: Scroll            |     5 |     2 |     9 |     8 |     7 |     5 |     8 |    19 |    19 ||    82
         Potion            |     2 |       |       |     3 |     1 |     1 |     8 |    24 |    22 ||    61
   Stab: Sleeping          |    13 |     5 |     5 |     6 |    19 |    21 |    28 |    26 |    13 ||   136
         Confused          |       |     2 |     1 |     5 |     3 |    10 |     2 |    16 |    22 ||    61
         Petrified         |       |     2 |     1 |       |     6 |       |       |       |     1 ||    10
         Distracted        |       |       |       |     2 |     2 |     3 |     3 |    14 |     1 ||    25
         Paralysed         |       |       |       |     1 |       |       |       |       |       ||     1
         Invisible         |       |       |       |       |     3 |     1 |    31 |     8 |    34 ||    77
         Held in net/web   |       |       |       |       |       |     1 |     1 |     2 |       ||     4
         Betrayed ally     |       |       |       |       |       |       |       |       |     2 ||     2
 Armour: Skin              |    19 |    21 |    50 |    76 |   217 |   524 |   306 |   918 |   383 ||  2514
  Dodge: Dodged            |    74 |    81 |   188 |   331 |   590 |  2149 |  1472 |  3226 |  1632 ||  9743
  Block: Other             |       |       |       |       |   107 |   315 |    51 |       |       ||   473
         Reflection        |       |       |       |       |     6 |    22 |     1 |       |       ||    29
   Form: Beast             |       |       |       |     1 |       |       |       |       |       ||     1
         Dragon            |       |       |       |       |     1 |       |       |       |       ||     1
         Statue            |       |       |       |       |       |     1 |       |       |       ||     1

Table legend: (Time is in decaauts)
 A = Elapsed time spent in this place.
 B = Non-inter-level travel time spent in this place.
 C = Inter-level travel time spent in this place.
 D = Time resting spent in this place.
 E = Time spent auto-exploring this place.
 F = Levels seen in this place.
 G = Mean time per level.
                   A        B        C        D        E       F      G
               +--------+--------+--------+--------+--------+-----+--------+
         Total |  84187 |  76672 |   7515 |  16058 |  40780 |  54 | 1559.0 |
       Dungeon |  19001 |  16214 |   2787 |   3181 |   8241 |  15 | 1266.7 |
          Lair |  10150 |   9240 |    910 |   2639 |   4890 |   5 | 2030.0 |
        Shoals |   5894 |   5492 |    402 |     84 |   3964 |   4 | 1473.5 |
     Snake Pit |   4971 |   4722 |    249 |    434 |   2929 |   4 | 1242.8 |
    Slime Pits |     44 |     43 |      1 |      0 |      0 |   1 |   44.0 |
  Orcish Mines |   2255 |   1946 |    309 |    531 |   1132 |   2 | 1127.5 |
   Elven Halls |   5423 |   4897 |    526 |    965 |   2718 |   3 | 1807.7 |
        Vaults |  12003 |  11000 |   1003 |   1684 |   6273 |   5 | 2400.6 |
         Crypt |   4999 |   4721 |    278 |    873 |   2446 |   3 | 1666.3 |
        Depths |   9870 |   9483 |    387 |   1845 |   6073 |   4 | 2467.5 |
           Zot |   9103 |   8445 |    658 |   3756 |   2027 |   5 | 1820.6 |
         Trove |    121 |    121 |      0 |      0 |     57 |   1 |  121.0 |
         Sewer |     69 |     69 |      0 |      0 |      0 |   1 |   69.0 |
      Gauntlet |    276 |    276 |      0 |     62 |     27 |   1 |  276.0 |
               +--------+--------+--------+--------+--------+-----+--------+

Top non-repeatable levels by time:
   Zot:2: 4207 daAuts
Depths:4: 3725 daAuts
Vaults:5: 3496 daAuts
   Elf:3: 3073 daAuts
  Lair:3: 2683 daAuts
Depths:2: 2604 daAuts
Vaults:4: 2480 daAuts
   Zot:1: 2322 daAuts
Vaults:3: 2189 daAuts
  Lair:2: 2128 daAuts
Depths:3: 2046 daAuts
  Lair:1: 2007 daAuts
     D:4: 1967 daAuts
Vaults:1: 1956 daAuts
Vaults:2: 1880 daAuts

Table legend:
 A = Kills in this place as a percentage of kills in the entire game.
 B = Kills by you in this place as a percentage of kills by you in the entire game.
 C = Kills by friends in this place as a percentage of kills by friends in the entire game.
 D = Other kills in this place as a percentage of other kills in the entire game.
 E = Experience gained in this place as a percentage of experience gained in the entire game.
 F = Experience gained in this place divided by the number of levels of this place that you have seen.
                   A       B       C       D       E      F
               +-------+-------+-------+-------+-------+----------------------
         Total | 100.0 | 100.0 | 100.0 | 100.0 | 100.0 | 23228.5
       Dungeon |  19.1 |  19.2 |  16.9 |  15.4 |   5.9 | 4949.1
          Lair |   9.8 |  10.1 |   1.7 |   3.8 |   4.7 | 11815.8
        Shoals |   7.8 |   8.1 |   0.0 |   0.0 |   7.0 | 21960.0
     Snake Pit |   6.8 |   6.7 |   3.4 |  19.2 |   5.8 | 18222.8
    Slime Pits |   0.2 |   0.2 |   0.0 |   0.0 |   0.2 | 2099.0
  Orcish Mines |   3.5 |   3.7 |   0.0 |   0.0 |   1.0 | 6406.5
   Elven Halls |   8.2 |   8.0 |  15.3 |   7.7 |   9.0 | 37642.7
        Vaults |  20.4 |  19.9 |  40.7 |  11.5 |  25.9 | 64982.6
         Crypt |   6.2 |   6.4 |   0.0 |   3.8 |   7.5 | 31232.7
        Depths |   9.2 |   9.2 |   8.5 |   7.7 |  15.9 | 49769.0
           Zot |   8.7 |   8.2 |  13.6 |  30.8 |  17.0 | 42727.6
         Sewer |   0.2 |   0.2 |   0.0 |   0.0 |   0.0 |   6.0
      Gauntlet |   0.1 |   0.1 |   0.0 |   0.0 |   0.1 | 1121.0
               +-------+-------+-------+-------+-------+----------------------
